Workbook
Name Avancement: Tables!$Z$2:$Z$6
Name Axe_Filieres: Tables!$U$2:$U$8
Name Axe_Note_Cadrage: Tables!$W$2:$W$7
Name Base: Tables!$A$17:$N$155
Name BASEDATA: DATA!$C$2:$U$298
Name BASESERVICE: Tableau1[[Matricule ]:[Calendrier de réalisation]]
Name Calendrier: Tables!$X$2:$X$5
Name Managers: Tables!$S$2:$T$27
Name Priorité_mger: Tables!$V$2:$V$4
Name Service: Tables!$Q$2:$R$27
Name Typologie: Tables!$Y$2:$Y$3

Sheet Plan 2019 consolidé
F1: Plan de formation 2019 - SEA -
D3: Effectif | F3: Réalisation plan | H3: Nb actions | K3: Nb H | L3: Coûts pédago. | M3: Coûts salariaux | N3: Coûts totaux | Q3: Type de formation | Y3: Total | Z3: Plan | AA3: PP | AB3: DIF
C4: Totaux | D4: =COUNTA(DATA!A2:A379) -> 236 | F4: ='Calcul Indicateurs'!F39 -> 0.75806452 | H4: =COUNTA(H12:H193) -> 0 | K4: =SUM(K12:K193) -> 0 | L4: =SUM(L12:L193) -> 0 | M4: =SUM(V12:V193) -> 0 | N4: =L4+M4 -> 0 | Q4: Interne | R4: Interne Groupe | S4: Externe | T4: TOTAL | X4: Cotisations ADEFIM | Y4: =SUM(Z4:AB4) -> 43893.59 | AA4: 36577.99 | AB4: 7315.6
P5: Nb personnes | T5: =SUM(Q5:S5) -> 0 | X5: Financement ADEFIM | Y5: =SUBTOTAL(9,Y12:Y191) -> 0 | Z5: =SUBTOTAL(9,Z12:Z191) -> 0 | AA5: =SUBTOTAL(9,AA12:AA191) -> 0 | AB5: =SUBTOTAL(9,AB12:AB191) -> 0
C6: Sous-Totaux | H6: =SUBTOTAL(3,H12:H193) -> 0 | K6: =SUBTOTAL(9,K12:K193) -> 0 | L6: =SUBTOTAL(9,L12:L193) -> 0 | M6: =SUBTOTAL(9,V12:V193) -> 0 | N6: =L6+M6 -> 0 | P6: Nb actions | R6: =GETPIVOTDATA("Intitulé",#REF!,"Organisme","Interne - Groupe") -> #REF! | S6: =GETPIVOTDATA("Intitulé",#REF!) -> #REF! | T6: =SUM(Q6:S6) -> #REF! | X6: Ecart | Y6: =Y4-Y5 -> 43893.59 | Z6: =Z4-Z5 -> 0 | AA6: =AA4-AA5 -> 36577.99 | AB6: =AB4-AB5 -> 7315.6
C7: Rapports | H7: =IFERROR(H6/H4,"") | K7: =IFERROR(K6/K4,"") | L7: =IFERROR(L6/L4,"") | M7: =IFERROR(M6/M4,"") | N7: =IFERROR(N6/N4,"") | P7: Nb heures | R7: =SUMIF(J12:J193,"Interne - Groupe",K12:K193) -> 0 | S7: =-(Q7+R7)+SUM(K12:K193) -> 0 | T7: =SUM(Q7:S7) -> 0
A10: SERVICE | D10: COLLABORATEUR | G10: FORMATION | M10: PLAN DE FORMATION 2019 | Y10: FINANCEMENT ADEFIM
A11: Service /Division | B11: Site | C11: Manager | D11: Matricule | E11: Nom | F11: Prénom | G11: Axe (Filières) | H11: Intitulé | I11: Priorité mger | J11: Organisme | K11: Durée H | L11: Coût péda. | M11: Dispositif (Plan / DIF /PP) | N11: Axe (note cadrage) | O11: Validation (Oui/Non) | P11: Calendrier de réalisation | Q11: Réalisation | R11: Typologie d'action | S11: Sexe | T11: CSP | U11: Taux horaire brut | V11: Coûts salariaux chargés | W11: Age | X11: Ancienneté | Y11: Montant Total Financement ADEFIM | Z11: Financement au titre du Plan | AA11: Financement au titre de la PP | AB11: Financement au titre du DIF | AC11: Frais déplac. / héberg.
A12: =IF(Tableau43[[#This Row],[Nom ]]<>"",VLOOKUP(Tableau43[[#This Row],[Matricule ]],BASEDATA,5,FALSE),"") | B12: =IF(Tableau43[[#This Row],[Nom ]]<>"",VLOOKUP(Tableau43[[#This Row],[Matricule ]],BASEDATA,3,FALSE),"") | C12: =IF(Tableau43[[#This Row],[Nom ]]<>"",VLOOKUP(Tableau43[[#This Row],[Matricule ]],BASEDATA,2,FALSE),"") | D12: =IF(Tableau43[[#This Row],[Nom ]]<>"",VLOOKUP(E12,DATA!A:U,3,FALSE),"") | S12: =IF(ISNA(VLOOKUP($D12,Base,5,FALSE))," ",+VLOOKUP($D12,Base,5,FALSE)) | T12: =IF(ISNA(VLOOKUP($D12,Base,6,FALSE))," ",+VLOOKUP($D12,Base,6,FALSE)) | U12: =IF(ISNA(VLOOKUP($D12,Base,11,FALSE))," ",+VLOOKUP($D12,Base,11,FALSE)) | V12: =IF(ISNA(VLOOKUP($D12,Base,12,FALSE))," ",+VLOOKUP($D12,Base,12,FALSE)) | W12: =IF(ISNA(VLOOKUP($D12,Base,7,FALSE))," ",+VLOOKUP($D12,Base,7,FALSE)) | X12: =IF(ISNA(VLOOKUP($D12,Base,8,FALSE))," ",+VLOOKUP($D12,Base,8,FALSE))
A13: =IF(Tableau43[[#This Row],[Nom ]]<>"",VLOOKUP(Tableau43[[#This Row],[Matricule ]],BASEDATA,5,FALSE),"") | B13: =IF(Tableau43[[#This Row],[Nom ]]<>"",VLOOKUP(Tableau43[[#This Row],[Matricule ]],BASEDATA,3,FALSE),"") | C13: =IF(Tableau43[[#This Row],[Nom ]]<>"",VLOOKUP(Tableau43[[#This Row],[Matricule ]],BASEDATA,2,FALSE),"") | D13: =IF(Tableau43[[#This Row],[Nom ]]<>"",VLOOKUP(E13,DATA!A:U,3,FALSE),"") | F13: =IF(Tableau43[[#This Row],[Nom ]]<>"",VLOOKUP(E13,DATA!A:U,2,FALSE),"") | G13: =IF(Tableau43[[#This Row],[Nom ]]<>"",VLOOKUP(Tableau43[[#This Row],[Matricule ]],BASESERVICE,4,FALSE),"") | X13: =IF(ISNA(VLOOKUP($D13,Base,8,FALSE))," ",+VLOOKUP($D13,Base,8,FALSE))
A14: =IF(Tableau43[[#This Row],[Nom ]]<>"",VLOOKUP(Tableau43[[#This Row],[Matricule ]],BASEDATA,5,FALSE),"") | B14: =IF(Tableau43[[#This Row],[Nom ]]<>"",VLOOKUP(Tableau43[[#This Row],[Matricule ]],BASEDATA,3,FALSE),"") | C14: =IF(Tableau43[[#This Row],[Nom ]]<>"",VLOOKUP(Tableau43[[#This Row],[Matricule ]],BASEDATA,2,FALSE),"") | D14: =IF(Tableau43[[#This Row],[Nom ]]<>"",VLOOKUP(E14,DATA!A:U,3,FALSE),"") | F14: =IF(Tableau43[[#This Row],[Nom ]]<>"",VLOOKUP(E14,DATA!A:U,2,FALSE),"") | G14: =IF(Tableau43[[#This Row],[Nom ]]<>"",VLOOKUP(Tableau43[[#This Row],[Matricule ]],BASESERVICE,4,FALSE),"") | X14: =IF(ISNA(VLOOKUP($D14,Base,8,FALSE))," ",+VLOOKUP($D14,Base,8,FALSE))
A15: =IF(Tableau43[[#This Row],[Nom ]]<>"",VLOOKUP(Tableau43[[#This Row],[Matricule ]],BASEDATA,5,FALSE),"") | B15: =IF(Tableau43[[#This Row],[Nom ]]<>"",VLOOKUP(Tableau43[[#This Row],[Matricule ]],BASEDATA,3,FALSE),"") | C15: =IF(Tableau43[[#This Row],[Nom ]]<>"",VLOOKUP(Tableau43[[#This Row],[Matricule ]],BASEDATA,2,FALSE),"") | D15: =IF(Tableau43[[#This Row],[Nom ]]<>"",VLOOKUP(E15,DATA!A:U,3,FALSE),"") | F15: =IF(Tableau43[[#This Row],[Nom ]]<>"",VLOOKUP(E15,DATA!A:U,2,FALSE),"") | G15: =IF(Tableau43[[#This Row],[Nom ]]<>"",VLOOKUP(Tableau43[[#This Row],[Matricule ]],BASESERVICE,4,FALSE),"") | X15: =IF(ISNA(VLOOKUP($D15,Base,8,FALSE))," ",+VLOOKUP($D15,Base,8,FALSE))
A16: =IF(Tableau43[[#This Row],[Nom ]]<>"",VLOOKUP(Tableau43[[#This Row],[Matricule ]],BASEDATA,5,FALSE),"") | B16: =IF(Tableau43[[#This Row],[Nom ]]<>"",VLOOKUP(Tableau43[[#This Row],[Matricule ]],BASEDATA,3,FALSE),"") | C16: =IF(Tableau43[[#This Row],[Nom ]]<>"",VLOOKUP(Tableau43[[#This Row],[Matricule ]],BASEDATA,2,FALSE),"") | D16: =IF(Tableau43[[#This Row],[Nom ]]<>"",VLOOKUP(E16,DATA!A:U,3,FALSE),"") | F16: =IF(Tableau43[[#This Row],[Nom ]]<>"",VLOOKUP(E16,DATA!A:U,2,FALSE),"") | G16: =IF(Tableau43[[#This Row],[Nom ]]<>"",VLOOKUP(Tableau43[[#This Row],[Matricule ]],BASESERVICE,4,FALSE),"") | X16: =IF(ISNA(VLOOKUP($D16,Base,8,FALSE))," ",+VLOOKUP($D16,Base,8,FALSE))
A17: =IF(Tableau43[[#This Row],[Nom ]]<>"",VLOOKUP(Tableau43[[#This Row],[Matricule ]],BASEDATA,5,FALSE),"") | B17: =IF(Tableau43[[#This Row],[Nom ]]<>"",VLOOKUP(Tableau43[[#This Row],[Matricule ]],BASEDATA,3,FALSE),"") | C17: =IF(Tableau43[[#This Row],[Nom ]]<>"",VLOOKUP(Tableau43[[#This Row],[Matricule ]],BASEDATA,2,FALSE),"") | D17: =IF(Tableau43[[#This Row],[Nom ]]<>"",VLOOKUP(E17,DATA!A:U,3,FALSE),"") | F17: =IF(Tableau43[[#This Row],[Nom ]]<>"",VLOOKUP(E17,DATA!A:U,2,FALSE),"") | G17: =IF(Tableau43[[#This Row],[Nom ]]<>"",VLOOKUP(Tableau43[[#This Row],[Matricule ]],BASESERVICE,4,FALSE),"") | X17: =IF(ISNA(VLOOKUP($D17,Base,8,FALSE))," ",+VLOOKUP($D17,Base,8,FALSE))
A18: =IF(Tableau43[[#This Row],[Nom ]]<>"",VLOOKUP(Tableau43[[#This Row],[Matricule ]],BASEDATA,5,FALSE),"") | B18: =IF(Tableau43[[#This Row],[Nom ]]<>"",VLOOKUP(Tableau43[[#This Row],[Matricule ]],BASEDATA,3,FALSE),"") | C18: =IF(Tableau43[[#This Row],[Nom ]]<>"",VLOOKUP(Tableau43[[#This Row],[Matricule ]],BASEDATA,2,FALSE),"") | D18: =IF(Tableau43[[#This Row],[Nom ]]<>"",VLOOKUP(E18,DATA!A:U,3,FALSE),"") | F18: =IF(Tableau43[[#This Row],[Nom ]]<>"",VLOOKUP(E18,DATA!A:U,2,FALSE),"") | G18: =IF(Tableau43[[#This Row],[Nom ]]<>"",VLOOKUP(Tableau43[[#This Row],[Matricule ]],BASESERVICE,4,FALSE),"") | X18: =IF(ISNA(VLOOKUP($D18,Base,8,FALSE))," ",+VLOOKUP($D18,Base,8,FALSE))
A19: =IF(Tableau43[[#This Row],[Nom ]]<>"",VLOOKUP(Tableau43[[#This Row],[Matricule ]],BASEDATA,5,FALSE),"") | B19: =IF(Tableau43[[#This Row],[Nom ]]<>"",VLOOKUP(Tableau43[[#This Row],[Matricule ]],BASEDATA,3,FALSE),"") | C19: =IF(Tableau43[[#This Row],[Nom ]]<>"",VLOOKUP(Tableau43[[#This Row],[Matricule ]],BASEDATA,2,FALSE),"") | D19: =IF(Tableau43[[#This Row],[Nom ]]<>"",VLOOKUP(E19,DATA!A:U,3,FALSE),"") | F19: =IF(Tableau43[[#This Row],[Nom ]]<>"",VLOOKUP(E19,DATA!A:U,2,FALSE),"") | G19: =IF(Tableau43[[#This Row],[Nom ]]<>"",VLOOKUP(Tableau43[[#This Row],[Matricule ]],BASESERVICE,4,FALSE),"") | X19: =IF(ISNA(VLOOKUP($D19,Base,8,FALSE))," ",+VLOOKUP($D19,Base,8,FALSE))
A20: =IF(Tableau43[[#This Row],[Nom ]]<>"",VLOOKUP(Tableau43[[#This Row],[Matricule ]],BASEDATA,5,FALSE),"") | B20: =IF(Tableau43[[#This Row],[Nom ]]<>"",VLOOKUP(Tableau43[[#This Row],[Matricule ]],BASEDATA,3,FALSE),"") | C20: =IF(Tableau43[[#This Row],[Nom ]]<>"",VLOOKUP(Tableau43[[#This Row],[Matricule ]],BASEDATA,2,FALSE),"") | D20: =IF(Tableau43[[#This Row],[Nom ]]<>"",VLOOKUP(E20,DATA!A:U,3,FALSE),"") | F20: =IF(Tableau43[[#This Row],[Nom ]]<>"",VLOOKUP(E20,DATA!A:U,2,FALSE),"") | G20: =IF(Tableau43[[#This Row],[Nom ]]<>"",VLOOKUP(Tableau43[[#This Row],[Matricule ]],BASESERVICE,4,FALSE),"") | X20: =IF(ISNA(VLOOKUP($D20,Base,8,FALSE))," ",+VLOOKUP($D20,Base,8,FALSE))
A21: =IF(Tableau43[[#This Row],[Nom ]]<>"",VLOOKUP(Tableau43[[#This Row],[Matricule ]],BASEDATA,5,FALSE),"") | B21: =IF(Tableau43[[#This Row],[Nom ]]<>"",VLOOKUP(Tableau43[[#This Row],[Matricule ]],BASEDATA,3,FALSE),"") | C21: =IF(Tableau43[[#This Row],[Nom ]]<>"",VLOOKUP(Tableau43[[#This Row],[Matricule ]],BASEDATA,2,FALSE),"") | D21: =IF(Tableau43[[#This Row],[Nom ]]<>"",VLOOKUP(E21,DATA!A:U,3,FALSE),"") | F21: =IF(Tableau43[[#This Row],[Nom ]]<>"",VLOOKUP(E21,DATA!A:U,2,FALSE),"") | G21: =IF(Tableau43[[#This Row],[Nom ]]<>"",VLOOKUP(Tableau43[[#This Row],[Matricule ]],BASESERVICE,4,FALSE),"") | X21: =IF(ISNA(VLOOKUP($D21,Base,8,FALSE))," ",+VLOOKUP($D21,Base,8,FALSE))
A22: =IF(Tableau43[[#This Row],[Nom ]]<>"",VLOOKUP(Tableau43[[#This Row],[Matricule ]],BASEDATA,5,FALSE),"") | B22: =IF(Tableau43[[#This Row],[Nom ]]<>"",VLOOKUP(Tableau43[[#This Row],[Matricule ]],BASEDATA,3,FALSE),"") | C22: =IF(Tableau43[[#This Row],[Nom ]]<>"",VLOOKUP(Tableau43[[#This Row],[Matricule ]],BASEDATA,2,FALSE),"") | D22: =IF(Tableau43[[#This Row],[Nom ]]<>"",VLOOKUP(E22,DATA!A:U,3,FALSE),"") | F22: =IF(Tableau43[[#This Row],[Nom ]]<>"",VLOOKUP(E22,DATA!A:U,2,FALSE),"") | G22: =IF(Tableau43[[#This Row],[Nom ]]<>"",VLOOKUP(Tableau43[[#This Row],[Matricule ]],BASESERVICE,4,FALSE),"") | X22: =IF(ISNA(VLOOKUP($D22,Base,8,FALSE))," ",+VLOOKUP($D22,Base,8,FALSE))
A23: =IF(Tableau43[[#This Row],[Nom ]]<>"",VLOOKUP(Tableau43[[#This Row],[Matricule ]],BASEDATA,5,FALSE),"") | B23: =IF(Tableau43[[#This Row],[Nom ]]<>"",VLOOKUP(Tableau43[[#This Row],[Matricule ]],BASEDATA,3,FALSE),"") | C23: =IF(Tableau43[[#This Row],[Nom ]]<>"",VLOOKUP(Tableau43[[#This Row],[Matricule ]],BASEDATA,2,FALSE),"") | D23: =IF(Tableau43[[#This Row],[Nom ]]<>"",VLOOKUP(E23,DATA!A:U,3,FALSE),"") | F23: =IF(Tableau43[[#This Row],[Nom ]]<>"",VLOOKUP(E23,DATA!A:U,2,FALSE),"") | G23: =IF(Tableau43[[#This Row],[Nom ]]<>"",VLOOKUP(Tableau43[[#This Row],[Matricule ]],BASESERVICE,4,FALSE),"") | X23: =IF(ISNA(VLOOKUP($D23,Base,8,FALSE))," ",+VLOOKUP($D23,Base,8,FALSE))
A24: =IF(Tableau43[[#This Row],[Nom ]]<>"",VLOOKUP(Tableau43[[#This Row],[Matricule ]],BASEDATA,5,FALSE),"") | B24: =IF(Tableau43[[#This Row],[Nom ]]<>"",VLOOKUP(Tableau43[[#This Row],[Matricule ]],BASEDATA,3,FALSE),"") | C24: =IF(Tableau43[[#This Row],[Nom ]]<>"",VLOOKUP(Tableau43[[#This Row],[Matricule ]],BASEDATA,2,FALSE),"") | D24: =IF(Tableau43[[#This Row],[Nom ]]<>"",VLOOKUP(E24,DATA!A:U,3,FALSE),"") | F24: =IF(Tableau43[[#This Row],[Nom ]]<>"",VLOOKUP(E24,DATA!A:U,2,FALSE),"") | G24: =IF(Tableau43[[#This Row],[Nom ]]<>"",VLOOKUP(Tableau43[[#This Row],[Matricule ]],BASESERVICE,4,FALSE),"")
A25: =IF(Tableau43[[#This Row],[Nom ]]<>"",VLOOKUP(Tableau43[[#This Row],[Matricule ]],BASEDATA,5,FALSE),"") | B25: =IF(Tableau43[[#This Row],[Nom ]]<>"",VLOOKUP(Tableau43[[#This Row],[Matricule ]],BASEDATA,3,FALSE),"") | C25: =IF(Tableau43[[#This Row],[Nom ]]<>"",VLOOKUP(Tableau43[[#This Row],[Matricule ]],BASEDATA,2,FALSE),"") | D25: =IF(Tableau43[[#This Row],[Nom ]]<>"",VLOOKUP(E25,DATA!A:U,3,FALSE),"") | F25: =IF(Tableau43[[#This Row],[Nom ]]<>"",VLOOKUP(E25,DATA!A:U,2,FALSE),"") | G25: =IF(Tableau43[[#This Row],[Nom ]]<>"",VLOOKUP(Tableau43[[#This Row],[Matricule ]],BASESERVICE,4,FALSE),"")
A26: =IF(Tableau43[[#This Row],[Nom ]]<>"",VLOOKUP(Tableau43[[#This Row],[Matricule ]],BASEDATA,5,FALSE),"") | B26: =IF(Tableau43[[#This Row],[Nom ]]<>"",VLOOKUP(Tableau43[[#This Row],[Matricule ]],BASEDATA,3,FALSE),"") | C26: =IF(Tableau43[[#This Row],[Nom ]]<>"",VLOOKUP(Tableau43[[#This Row],[Matricule ]],BASEDATA,2,FALSE),"") | D26: =IF(Tableau43[[#This Row],[Nom ]]<>"",VLOOKUP(E26,DATA!A:U,3,FALSE),"") | F26: =IF(Tableau43[[#This Row],[Nom ]]<>"",VLOOKUP(E26,DATA!A:U,2,FALSE),"") | G26: =IF(Tableau43[[#This Row],[Nom ]]<>"",VLOOKUP(Tableau43[[#This Row],[Matricule ]],BASESERVICE,4,FALSE),"")
A27: =IF(Tableau43[[#This Row],[Nom ]]<>"",VLOOKUP(Tableau43[[#This Row],[Matricule ]],BASEDATA,5,FALSE),"") | B27: =IF(Tableau43[[#This Row],[Nom ]]<>"",VLOOKUP(Tableau43[[#This Row],[Matricule ]],BASEDATA,3,FALSE),"") | C27: =IF(Tableau43[[#This Row],[Nom ]]<>"",VLOOKUP(Tableau43[[#This Row],[Matricule ]],BASEDATA,2,FALSE),"") | D27: =IF(Tableau43[[#This Row],[Nom ]]<>"",VLOOKUP(E27,DATA!A:U,3,FALSE),"") | F27: =IF(Tableau43[[#This Row],[Nom ]]<>"",VLOOKUP(E27,DATA!A:U,2,FALSE),"") | G27: =IF(Tableau43[[#This Row],[Nom ]]<>"",VLOOKUP(Tableau43[[#This Row],[Matricule ]],BASESERVICE,4,FALSE),"")
A28: =IF(Tableau43[[#This Row],[Nom ]]<>"",VLOOKUP(Tableau43[[#This Row],[Matricule ]],BASEDATA,5,FALSE),"") | B28: =IF(Tableau43[[#This Row],[Nom ]]<>"",VLOOKUP(Tableau43[[#This Row],[Matricule ]],BASEDATA,3,FALSE),"") | C28: =IF(Tableau43[[#This Row],[Nom ]]<>"",VLOOKUP(Tableau43[[#This Row],[Matricule ]],BASEDATA,2,FALSE),"") | D28: =IF(Tableau43[[#This Row],[Nom ]]<>"",VLOOKUP(E28,DATA!A:U,3,FALSE),"") | F28: =IF(Tableau43[[#This Row],[Nom ]]<>"",VLOOKUP(E28,DATA!A:U,2,FALSE),"") | G28: =IF(Tableau43[[#This Row],[Nom ]]<>"",VLOOKUP(Tableau43[[#This Row],[Matricule ]],BASESERVICE,4,FALSE),"")
A29: =IF(Tableau43[[#This Row],[Nom ]]<>"",VLOOKUP(Tableau43[[#This Row],[Matricule ]],BASEDATA,5,FALSE),"") | B29: =IF(Tableau43[[#This Row],[Nom ]]<>"",VLOOKUP(Tableau43[[#This Row],[Matricule ]],BASEDATA,3,FALSE),"") | C29: =IF(Tableau43[[#This Row],[Nom ]]<>"",VLOOKUP(Tableau43[[#This Row],[Matricule ]],BASEDATA,2,FALSE),"") | D29: =IF(Tableau43[[#This Row],[Nom ]]<>"",VLOOKUP(E29,DATA!A:U,3,FALSE),"") | F29: =IF(Tableau43[[#This Row],[Nom ]]<>"",VLOOKUP(E29,DATA!A:U,2,FALSE),"") | G29: =IF(Tableau43[[#This Row],[Nom ]]<>"",VLOOKUP(Tableau43[[#This Row],[Matricule ]],BASESERVICE,4,FALSE),"")
A30: =IF(Tableau43[[#This Row],[Nom ]]<>"",VLOOKUP(Tableau43[[#This Row],[Matricule ]],BASEDATA,5,FALSE),"") | B30: =IF(Tableau43[[#This Row],[Nom ]]<>"",VLOOKUP(Tableau43[[#This Row],[Matricule ]],BASEDATA,3,FALSE),"") | C30: =IF(Tableau43[[#This Row],[Nom ]]<>"",VLOOKUP(Tableau43[[#This Row],[Matricule ]],BASEDATA,2,FALSE),"") | D30: =IF(Tableau43[[#This Row],[Nom ]]<>"",VLOOKUP(E30,DATA!A:U,3,FALSE),"") | F30: =IF(Tableau43[[#This Row],[Nom ]]<>"",VLOOKUP(E30,DATA!A:U,2,FALSE),"") | G30: =IF(Tableau43[[#This Row],[Nom ]]<>"",VLOOKUP(Tableau43[[#This Row],[Matricule ]],BASESERVICE,4,FALSE),"")
A31: =IF(Tableau43[[#This Row],[Nom ]]<>"",VLOOKUP(Tableau43[[#This Row],[Matricule ]],BASEDATA,5,FALSE),"") | B31: =IF(Tableau43[[#This Row],[Nom ]]<>"",VLOOKUP(Tableau43[[#This Row],[Matricule ]],BASEDATA,3,FALSE),"") | C31: =IF(Tableau43[[#This Row],[Nom ]]<>"",VLOOKUP(Tableau43[[#This Row],[Matricule ]],BASEDATA,2,FALSE),"") | D31: =IF(Tableau43[[#This Row],[Nom ]]<>"",VLOOKUP(E31,DATA!A:U,3,FALSE),"") | F31: =IF(Tableau43[[#This Row],[Nom ]]<>"",VLOOKUP(E31,DATA!A:U,2,FALSE),"") | G31: =IF(Tableau43[[#This Row],[Nom ]]<>"",VLOOKUP(Tableau43[[#This Row],[Matricule ]],BASESERVICE,4,FALSE),"")
A32: =IF(Tableau43[[#This Row],[Nom ]]<>"",VLOOKUP(Tableau43[[#This Row],[Matricule ]],BASEDATA,5,FALSE),"") | B32: =IF(Tableau43[[#This Row],[Nom ]]<>"",VLOOKUP(Tableau43[[#This Row],[Matricule ]],BASEDATA,3,FALSE),"") | C32: =IF(Tableau43[[#This Row],[Nom ]]<>"",VLOOKUP(Tableau43[[#This Row],[Matricule ]],BASEDATA,2,FALSE),"") | D32: =IF(Tableau43[[#This Row],[Nom ]]<>"",VLOOKUP(E32,DATA!A:U,3,FALSE),"") | F32: =IF(Tableau43[[#This Row],[Nom ]]<>"",VLOOKUP(E32,DATA!A:U,2,FALSE),"") | G32: =IF(Tableau43[[#This Row],[Nom ]]<>"",VLOOKUP(Tableau43[[#This Row],[Matricule ]],BASESERVICE,4,FALSE),"")
A33: =IF(Tableau43[[#This Row],[Nom ]]<>"",VLOOKUP(Tableau43[[#This Row],[Matricule ]],BASEDATA,5,FALSE),"") | B33: =IF(Tableau43[[#This Row],[Nom ]]<>"",VLOOKUP(Tableau43[[#This Row],[Matricule ]],BASEDATA,3,FALSE),"") | C33: =IF(Tableau43[[#This Row],[Nom ]]<>"",VLOOKUP(Tableau43[[#This Row],[Matricule ]],BASEDATA,2,FALSE),"") | D33: =IF(Tableau43[[#This Row],[Nom ]]<>"",VLOOKUP(E33,DATA!A:U,3,FALSE),"") | F33: =IF(Tableau43[[#This Row],[Nom ]]<>"",VLOOKUP(E33,DATA!A:U,2,FALSE),"") | G33: =IF(Tableau43[[#This Row],[Nom ]]<>"",VLOOKUP(Tableau43[[#This Row],[Matricule ]],BASESERVICE,4,FALSE),"")
A34: =IF(Tableau43[[#This Row],[Nom ]]<>"",VLOOKUP(Tableau43[[#This Row],[Matricule ]],BASEDATA,5,FALSE),"") | B34: =IF(Tableau43[[#This Row],[Nom ]]<>"",VLOOKUP(Tableau43[[#This Row],[Matricule ]],BASEDATA,3,FALSE),"") | C34: =IF(Tableau43[[#This Row],[Nom ]]<>"",VLOOKUP(Tableau43[[#This Row],[Matricule ]],BASEDATA,2,FALSE),"") | D34: =IF(Tableau43[[#This Row],[Nom ]]<>"",VLOOKUP(E34,DATA!A:U,3,FALSE),"") | F34: =IF(Tableau43[[#This Row],[Nom ]]<>"",VLOOKUP(E34,DATA!A:U,2,FALSE),"") | G34: =IF(Tableau43[[#This Row],[Nom ]]<>"",VLOOKUP(Tableau43[[#This Row],[Matricule ]],BASESERVICE,4,FALSE),"")
A35: =IF(Tableau43[[#This Row],[Nom ]]<>"",VLOOKUP(Tableau43[[#This Row],[Matricule ]],BASEDATA,5,FALSE),"") | B35: =IF(Tableau43[[#This Row],[Nom ]]<>"",VLOOKUP(Tableau43[[#This Row],[Matricule ]],BASEDATA,3,FALSE),"") | C35: =IF(Tableau43[[#This Row],[Nom ]]<>"",VLOOKUP(Tableau43[[#This Row],[Matricule ]],BASEDATA,2,FALSE),"") | D35: =IF(Tableau43[[#This Row],[Nom ]]<>"",VLOOKUP(E35,DATA!A:U,3,FALSE),"") | F35: =IF(Tableau43[[#This Row],[Nom ]]<>"",VLOOKUP(E35,DATA!A:U,2,FALSE),"") | G35: =IF(Tableau43[[#This Row],[Nom ]]<>"",VLOOKUP(Tableau43[[#This Row],[Matricule ]],BASESERVICE,4,FALSE),"")
... A177: =IF(Tableau43[[#This Row],[Nom ]]<>"",VLOOKUP(Tableau43[[#This Row],[Matricule ]],BASEDATA,5,FALSE),"") | B177: =IF(Tableau43[[#This Row],[Nom ]]<>"",VLOOKUP(Tableau43[[#This Row],[Matricule ]],BASEDATA,3,FALSE),"") | C177: =IF(Tableau43[[#This Row],[Nom ]]<>"",VLOOKUP(Tableau43[[#This Row],[Matricule ]],BASEDATA,2,FALSE),"") | D177: =IF(Tableau43[[#This Row],[Nom ]]<>"",VLOOKUP(E177,DATA!A:U,3,FALSE),"") | F177: =IF(Tableau43[[#This Row],[Nom ]]<>"",VLOOKUP(E177,DATA!A:U,2,FALSE),"") | G177: =IF(Tableau43[[#This Row],[Nom ]]<>"",VLOOKUP(Tableau43[[#This Row],[Matricule ]],BASESERVICE,4,FALSE),"")
A178: =IF(Tableau43[[#This Row],[Nom ]]<>"",VLOOKUP(Tableau43[[#This Row],[Matricule ]],BASEDATA,5,FALSE),"") | B178: =IF(Tableau43[[#This Row],[Nom ]]<>"",VLOOKUP(Tableau43[[#This Row],[Matricule ]],BASEDATA,3,FALSE),"") | C178: =IF(Tableau43[[#This Row],[Nom ]]<>"",VLOOKUP(Tableau43[[#This Row],[Matricule ]],BASEDATA,2,FALSE),"") | D178: =IF(Tableau43[[#This Row],[Nom ]]<>"",VLOOKUP(E178,DATA!A:U,3,FALSE),"") | F178: =IF(Tableau43[[#This Row],[Nom ]]<>"",VLOOKUP(E178,DATA!A:U,2,FALSE),"") | G178: =IF(Tableau43[[#This Row],[Nom ]]<>"",VLOOKUP(Tableau43[[#This Row],[Matricule ]],BASESERVICE,4,FALSE),"") | S178: =IF(ISNA(VLOOKUP($D178,Base,5,FALSE))," ",+VLOOKUP($D178,Base,5,FALSE)) | T178: =IF(ISNA(VLOOKUP($D178,Base,6,FALSE))," ",+VLOOKUP($D178,Base,6,FALSE)) | U178: =IF(ISNA(VLOOKUP($D178,Base,11,FALSE))," ",+VLOOKUP($D178,Base,11,FALSE)) | V178: =IF(ISNA(VLOOKUP($D178,Base,12,FALSE))," ",+VLOOKUP($D178,Base,12,FALSE)) | W178: =IF(ISNA(VLOOKUP($D178,Base,7,FALSE))," ",+VLOOKUP($D178,Base,7,FALSE)) | X178: =IF(ISNA(VLOOKUP($D178,Base,8,FALSE))," ",+VLOOKUP($D178,Base,8,FALSE))
A179: =IF(Tableau43[[#This Row],[Nom ]]<>"",VLOOKUP(Tableau43[[#This Row],[Matricule ]],BASEDATA,5,FALSE),"") | B179: =IF(Tableau43[[#This Row],[Nom ]]<>"",VLOOKUP(Tableau43[[#This Row],[Matricule ]],BASEDATA,3,FALSE),"") | C179: =IF(Tableau43[[#This Row],[Nom ]]<>"",VLOOKUP(Tableau43[[#This Row],[Matricule ]],BASEDATA,2,FALSE),"") | D179: =IF(Tableau43[[#This Row],[Nom ]]<>"",VLOOKUP(E179,DATA!A:U,3,FALSE),"") | F179: =IF(Tableau43[[#This Row],[Nom ]]<>"",VLOOKUP(E179,DATA!A:U,2,FALSE),"") | G179: =IF(Tableau43[[#This Row],[Nom ]]<>"",VLOOKUP(Tableau43[[#This Row],[Matricule ]],BASESERVICE,4,FALSE),"") | S179: =IF(ISNA(VLOOKUP($D179,Base,5,FALSE))," ",+VLOOKUP($D179,Base,5,FALSE)) | T179: =IF(ISNA(VLOOKUP($D179,Base,6,FALSE))," ",+VLOOKUP($D179,Base,6,FALSE)) | U179: =IF(ISNA(VLOOKUP($D179,Base,11,FALSE))," ",+VLOOKUP($D179,Base,11,FALSE)) | V179: =IF(ISNA(VLOOKUP($D179,Base,12,FALSE))," ",+VLOOKUP($D179,Base,12,FALSE)) | W179: =IF(ISNA(VLOOKUP($D179,Base,7,FALSE))," ",+VLOOKUP($D179,Base,7,FALSE)) | X179: =IF(ISNA(VLOOKUP($D179,Base,8,FALSE))," ",+VLOOKUP($D179,Base,8,FALSE))
A180: =IF(Tableau43[[#This Row],[Nom ]]<>"",VLOOKUP(Tableau43[[#This Row],[Matricule ]],BASEDATA,5,FALSE),"") | B180: =IF(Tableau43[[#This Row],[Nom ]]<>"",VLOOKUP(Tableau43[[#This Row],[Matricule ]],BASEDATA,3,FALSE),"") | C180: =IF(Tableau43[[#This Row],[Nom ]]<>"",VLOOKUP(Tableau43[[#This Row],[Matricule ]],BASEDATA,2,FALSE),"") | D180: =IF(Tableau43[[#This Row],[Nom ]]<>"",VLOOKUP(E180,DATA!A:U,3,FALSE),"") | F180: =IF(Tableau43[[#This Row],[Nom ]]<>"",VLOOKUP(E180,DATA!A:U,2,FALSE),"") | G180: =IF(Tableau43[[#This Row],[Nom ]]<>"",VLOOKUP(Tableau43[[#This Row],[Matricule ]],BASESERVICE,4,FALSE),"") | S180: =IF(ISNA(VLOOKUP($D180,Base,5,FALSE))," ",+VLOOKUP($D180,Base,5,FALSE)) | T180: =IF(ISNA(VLOOKUP($D180,Base,6,FALSE))," ",+VLOOKUP($D180,Base,6,FALSE)) | U180: =IF(ISNA(VLOOKUP($D180,Base,11,FALSE))," ",+VLOOKUP($D180,Base,11,FALSE)) | V180: =IF(ISNA(VLOOKUP($D180,Base,12,FALSE))," ",+VLOOKUP($D180,Base,12,FALSE)) | W180: =IF(ISNA(VLOOKUP($D180,Base,7,FALSE))," ",+VLOOKUP($D180,Base,7,FALSE)) | X180: =IF(ISNA(VLOOKUP($D180,Base,8,FALSE))," ",+VLOOKUP($D180,Base,8,FALSE))
A181: =IF(Tableau43[[#This Row],[Nom ]]<>"",VLOOKUP(Tableau43[[#This Row],[Matricule ]],BASEDATA,5,FALSE),"") | B181: =IF(Tableau43[[#This Row],[Nom ]]<>"",VLOOKUP(Tableau43[[#This Row],[Matricule ]],BASEDATA,3,FALSE),"") | C181: =IF(Tableau43[[#This Row],[Nom ]]<>"",VLOOKUP(Tableau43[[#This Row],[Matricule ]],BASEDATA,2,FALSE),"") | D181: =IF(Tableau43[[#This Row],[Nom ]]<>"",VLOOKUP(E181,DATA!A:U,3,FALSE),"") | F181: =IF(Tableau43[[#This Row],[Nom ]]<>"",VLOOKUP(E181,DATA!A:U,2,FALSE),"") | G181: =IF(Tableau43[[#This Row],[Nom ]]<>"",VLOOKUP(Tableau43[[#This Row],[Matricule ]],BASESERVICE,4,FALSE),"") | S181: =IF(ISNA(VLOOKUP($D181,Base,5,FALSE))," ",+VLOOKUP($D181,Base,5,FALSE)) | T181: =IF(ISNA(VLOOKUP($D181,Base,6,FALSE))," ",+VLOOKUP($D181,Base,6,FALSE)) | U181: =IF(ISNA(VLOOKUP($D181,Base,11,FALSE))," ",+VLOOKUP($D181,Base,11,FALSE)) | V181: =IF(ISNA(VLOOKUP($D181,Base,12,FALSE))," ",+VLOOKUP($D181,Base,12,FALSE)) | W181: =IF(ISNA(VLOOKUP($D181,Base,7,FALSE))," ",+VLOOKUP($D181,Base,7,FALSE)) | X181: =IF(ISNA(VLOOKUP($D181,Base,8,FALSE))," ",+VLOOKUP($D181,Base,8,FALSE))
A182: =IF(Tableau43[[#This Row],[Nom ]]<>"",VLOOKUP(Tableau43[[#This Row],[Matricule ]],BASEDATA,5,FALSE),"") | B182: =IF(Tableau43[[#This Row],[Nom ]]<>"",VLOOKUP(Tableau43[[#This Row],[Matricule ]],BASEDATA,3,FALSE),"") | C182: =IF(Tableau43[[#This Row],[Nom ]]<>"",VLOOKUP(Tableau43[[#This Row],[Matricule ]],BASEDATA,2,FALSE),"") | D182: =IF(Tableau43[[#This Row],[Nom ]]<>"",VLOOKUP(E182,DATA!A:U,3,FALSE),"") | F182: =IF(Tableau43[[#This Row],[Nom ]]<>"",VLOOKUP(E182,DATA!A:U,2,FALSE),"") | G182: =IF(Tableau43[[#This Row],[Nom ]]<>"",VLOOKUP(Tableau43[[#This Row],[Matricule ]],BASESERVICE,4,FALSE),"") | S182: =IF(ISNA(VLOOKUP($D182,Base,5,FALSE))," ",+VLOOKUP($D182,Base,5,FALSE)) | T182: =IF(ISNA(VLOOKUP($D182,Base,6,FALSE))," ",+VLOOKUP($D182,Base,6,FALSE)) | U182: =IF(ISNA(VLOOKUP($D182,Base,11,FALSE))," ",+VLOOKUP($D182,Base,11,FALSE)) | V182: =IF(ISNA(VLOOKUP($D182,Base,12,FALSE))," ",+VLOOKUP($D182,Base,12,FALSE)) | W182: =IF(ISNA(VLOOKUP($D182,Base,7,FALSE))," ",+VLOOKUP($D182,Base,7,FALSE)) | X182: =IF(ISNA(VLOOKUP($D182,Base,8,FALSE))," ",+VLOOKUP($D182,Base,8,FALSE))
A183: =IF(Tableau43[[#This Row],[Nom ]]<>"",VLOOKUP(Tableau43[[#This Row],[Matricule ]],BASEDATA,5,FALSE),"") | B183: =IF(Tableau43[[#This Row],[Nom ]]<>"",VLOOKUP(Tableau43[[#This Row],[Matricule ]],BASEDATA,3,FALSE),"") | C183: =IF(Tableau43[[#This Row],[Nom ]]<>"",VLOOKUP(Tableau43[[#This Row],[Matricule ]],BASEDATA,2,FALSE),"") | D183: =IF(Tableau43[[#This Row],[Nom ]]<>"",VLOOKUP(E183,DATA!A:U,3,FALSE),"") | F183: =IF(Tableau43[[#This Row],[Nom ]]<>"",VLOOKUP(E183,DATA!A:U,2,FALSE),"") | G183: =IF(Tableau43[[#This Row],[Nom ]]<>"",VLOOKUP(Tableau43[[#This Row],[Matricule ]],BASESERVICE,4,FALSE),"") | S183: =IF(ISNA(VLOOKUP($D183,Base,5,FALSE))," ",+VLOOKUP($D183,Base,5,FALSE)) | T183: =IF(ISNA(VLOOKUP($D183,Base,6,FALSE))," ",+VLOOKUP($D183,Base,6,FALSE)) | U183: =IF(ISNA(VLOOKUP($D183,Base,11,FALSE))," ",+VLOOKUP($D183,Base,11,FALSE)) | V183: =IF(ISNA(VLOOKUP($D183,Base,12,FALSE))," ",+VLOOKUP($D183,Base,12,FALSE)) | W183: =IF(ISNA(VLOOKUP($D183,Base,7,FALSE))," ",+VLOOKUP($D183,Base,7,FALSE)) | X183: =IF(ISNA(VLOOKUP($D183,Base,8,FALSE))," ",+VLOOKUP($D183,Base,8,FALSE))
A184: =IF(Tableau43[[#This Row],[Nom ]]<>"",VLOOKUP(Tableau43[[#This Row],[Matricule ]],BASEDATA,5,FALSE),"") | B184: =IF(Tableau43[[#This Row],[Nom ]]<>"",VLOOKUP(Tableau43[[#This Row],[Matricule ]],BASEDATA,3,FALSE),"") | C184: =IF(Tableau43[[#This Row],[Nom ]]<>"",VLOOKUP(Tableau43[[#This Row],[Matricule ]],BASEDATA,2,FALSE),"") | D184: =IF(Tableau43[[#This Row],[Nom ]]<>"",VLOOKUP(E184,DATA!A:U,3,FALSE),"") | F184: =IF(Tableau43[[#This Row],[Nom ]]<>"",VLOOKUP(E184,DATA!A:U,2,FALSE),"") | G184: =IF(Tableau43[[#This Row],[Nom ]]<>"",VLOOKUP(Tableau43[[#This Row],[Matricule ]],BASESERVICE,4,FALSE),"") | S184: =IF(ISNA(VLOOKUP($D184,Base,5,FALSE))," ",+VLOOKUP($D184,Base,5,FALSE)) | T184: =IF(ISNA(VLOOKUP($D184,Base,6,FALSE))," ",+VLOOKUP($D184,Base,6,FALSE)) | U184: =IF(ISNA(VLOOKUP($D184,Base,11,FALSE))," ",+VLOOKUP($D184,Base,11,FALSE)) | V184: =IF(ISNA(VLOOKUP($D184,Base,12,FALSE))," ",+VLOOKUP($D184,Base,12,FALSE)) | W184: =IF(ISNA(VLOOKUP($D184,Base,7,FALSE))," ",+VLOOKUP($D184,Base,7,FALSE)) | X184: =IF(ISNA(VLOOKUP($D184,Base,8,FALSE))," ",+VLOOKUP($D184,Base,8,FALSE))
A185: =IF(Tableau43[[#This Row],[Nom ]]<>"",VLOOKUP(Tableau43[[#This Row],[Matricule ]],BASEDATA,5,FALSE),"") | B185: =IF(Tableau43[[#This Row],[Nom ]]<>"",VLOOKUP(Tableau43[[#This Row],[Matricule ]],BASEDATA,3,FALSE),"") | C185: =IF(Tableau43[[#This Row],[Nom ]]<>"",VLOOKUP(Tableau43[[#This Row],[Matricule ]],BASEDATA,2,FALSE),"") | D185: =IF(Tableau43[[#This Row],[Nom ]]<>"",VLOOKUP(E185,DATA!A:U,3,FALSE),"") | F185: =IF(Tableau43[[#This Row],[Nom ]]<>"",VLOOKUP(E185,DATA!A:U,2,FALSE),"") | G185: =IF(Tableau43[[#This Row],[Nom ]]<>"",VLOOKUP(Tableau43[[#This Row],[Matricule ]],BASESERVICE,4,FALSE),"") | S185: =IF(ISNA(VLOOKUP($D185,Base,5,FALSE))," ",+VLOOKUP($D185,Base,5,FALSE)) | T185: =IF(ISNA(VLOOKUP($D185,Base,6,FALSE))," ",+VLOOKUP($D185,Base,6,FALSE)) | U185: =IF(ISNA(VLOOKUP($D185,Base,11,FALSE))," ",+VLOOKUP($D185,Base,11,FALSE)) | V185: =IF(ISNA(VLOOKUP($D185,Base,12,FALSE))," ",+VLOOKUP($D185,Base,12,FALSE)) | W185: =IF(ISNA(VLOOKUP($D185,Base,7,FALSE))," ",+VLOOKUP($D185,Base,7,FALSE)) | X185: =IF(ISNA(VLOOKUP($D185,Base,8,FALSE))," ",+VLOOKUP($D185,Base,8,FALSE))
A186: =IF(Tableau43[[#This Row],[Nom ]]<>"",VLOOKUP(Tableau43[[#This Row],[Matricule ]],BASEDATA,5,FALSE),"") | B186: =IF(Tableau43[[#This Row],[Nom ]]<>"",VLOOKUP(Tableau43[[#This Row],[Matricule ]],BASEDATA,3,FALSE),"") | C186: =IF(Tableau43[[#This Row],[Nom ]]<>"",VLOOKUP(Tableau43[[#This Row],[Matricule ]],BASEDATA,2,FALSE),"") | D186: =IF(Tableau43[[#This Row],[Nom ]]<>"",VLOOKUP(E186,DATA!A:U,3,FALSE),"") | F186: =IF(Tableau43[[#This Row],[Nom ]]<>"",VLOOKUP(E186,DATA!A:U,2,FALSE),"") | G186: =IF(Tableau43[[#This Row],[Nom ]]<>"",VLOOKUP(Tableau43[[#This Row],[Matricule ]],BASESERVICE,4,FALSE),"") | S186: =IF(ISNA(VLOOKUP($D186,Base,5,FALSE))," ",+VLOOKUP($D186,Base,5,FALSE)) | T186: =IF(ISNA(VLOOKUP($D186,Base,6,FALSE))," ",+VLOOKUP($D186,Base,6,FALSE)) | U186: =IF(ISNA(VLOOKUP($D186,Base,11,FALSE))," ",+VLOOKUP($D186,Base,11,FALSE)) | V186: =IF(ISNA(VLOOKUP($D186,Base,12,FALSE))," ",+VLOOKUP($D186,Base,12,FALSE)) | W186: =IF(ISNA(VLOOKUP($D186,Base,7,FALSE))," ",+VLOOKUP($D186,Base,7,FALSE)) | X186: =IF(ISNA(VLOOKUP($D186,Base,8,FALSE))," ",+VLOOKUP($D186,Base,8,FALSE))
A187: =IF(Tableau43[[#This Row],[Nom ]]<>"",VLOOKUP(Tableau43[[#This Row],[Matricule ]],BASEDATA,5,FALSE),"") | B187: =IF(Tableau43[[#This Row],[Nom ]]<>"",VLOOKUP(Tableau43[[#This Row],[Matricule ]],BASEDATA,3,FALSE),"") | C187: =IF(Tableau43[[#This Row],[Nom ]]<>"",VLOOKUP(Tableau43[[#This Row],[Matricule ]],BASEDATA,2,FALSE),"") | D187: =IF(Tableau43[[#This Row],[Nom ]]<>"",VLOOKUP(E187,DATA!A:U,3,FALSE),"") | F187: =IF(Tableau43[[#This Row],[Nom ]]<>"",VLOOKUP(E187,DATA!A:U,2,FALSE),"") | G187: =IF(Tableau43[[#This Row],[Nom ]]<>"",VLOOKUP(Tableau43[[#This Row],[Matricule ]],BASESERVICE,4,FALSE),"") | S187: =IF(ISNA(VLOOKUP($D187,Base,5,FALSE))," ",+VLOOKUP($D187,Base,5,FALSE)) | T187: =IF(ISNA(VLOOKUP($D187,Base,6,FALSE))," ",+VLOOKUP($D187,Base,6,FALSE)) | U187: =IF(ISNA(VLOOKUP($D187,Base,11,FALSE))," ",+VLOOKUP($D187,Base,11,FALSE)) | V187: =IF(ISNA(VLOOKUP($D187,Base,12,FALSE))," ",+VLOOKUP($D187,Base,12,FALSE)) | W187: =IF(ISNA(VLOOKUP($D187,Base,7,FALSE))," ",+VLOOKUP($D187,Base,7,FALSE)) | X187: =IF(ISNA(VLOOKUP($D187,Base,8,FALSE))," ",+VLOOKUP($D187,Base,8,FALSE))
A188: =IF(Tableau43[[#This Row],[Nom ]]<>"",VLOOKUP(Tableau43[[#This Row],[Matricule ]],BASEDATA,5,FALSE),"") | B188: =IF(Tableau43[[#This Row],[Nom ]]<>"",VLOOKUP(Tableau43[[#This Row],[Matricule ]],BASEDATA,3,FALSE),"") | C188: =IF(Tableau43[[#This Row],[Nom ]]<>"",VLOOKUP(Tableau43[[#This Row],[Matricule ]],BASEDATA,2,FALSE),"") | D188: =IF(Tableau43[[#This Row],[Nom ]]<>"",VLOOKUP(E188,DATA!A:U,3,FALSE),"") | F188: =IF(Tableau43[[#This Row],[Nom ]]<>"",VLOOKUP(E188,DATA!A:U,2,FALSE),"") | G188: =IF(Tableau43[[#This Row],[Nom ]]<>"",VLOOKUP(Tableau43[[#This Row],[Matricule ]],BASESERVICE,4,FALSE),"") | S188: =IF(ISNA(VLOOKUP($D188,Base,5,FALSE))," ",+VLOOKUP($D188,Base,5,FALSE)) | T188: =IF(ISNA(VLOOKUP($D188,Base,6,FALSE))," ",+VLOOKUP($D188,Base,6,FALSE)) | U188: =IF(ISNA(VLOOKUP($D188,Base,11,FALSE))," ",+VLOOKUP($D188,Base,11,FALSE)) | V188: =IF(ISNA(VLOOKUP($D188,Base,12,FALSE))," ",+VLOOKUP($D188,Base,12,FALSE)) | W188: =IF(ISNA(VLOOKUP($D188,Base,7,FALSE))," ",+VLOOKUP($D188,Base,7,FALSE)) | X188: =IF(ISNA(VLOOKUP($D188,Base,8,FALSE))," ",+VLOOKUP($D188,Base,8,FALSE))
A189: =IF(Tableau43[[#This Row],[Nom ]]<>"",VLOOKUP(Tableau43[[#This Row],[Matricule ]],BASEDATA,5,FALSE),"") | B189: =IF(Tableau43[[#This Row],[Nom ]]<>"",VLOOKUP(Tableau43[[#This Row],[Matricule ]],BASEDATA,3,FALSE),"") | C189: =IF(Tableau43[[#This Row],[Nom ]]<>"",VLOOKUP(Tableau43[[#This Row],[Matricule ]],BASEDATA,2,FALSE),"") | D189: =IF(Tableau43[[#This Row],[Nom ]]<>"",VLOOKUP(E189,DATA!A:U,3,FALSE),"") | F189: =IF(Tableau43[[#This Row],[Nom ]]<>"",VLOOKUP(E189,DATA!A:U,2,FALSE),"") | G189: =IF(Tableau43[[#This Row],[Nom ]]<>"",VLOOKUP(Tableau43[[#This Row],[Matricule ]],BASESERVICE,4,FALSE),"") | S189: =IF(ISNA(VLOOKUP($D189,Base,5,FALSE))," ",+VLOOKUP($D189,Base,5,FALSE)) | T189: =IF(ISNA(VLOOKUP($D189,Base,6,FALSE))," ",+VLOOKUP($D189,Base,6,FALSE)) | U189: =IF(ISNA(VLOOKUP($D189,Base,11,FALSE))," ",+VLOOKUP($D189,Base,11,FALSE)) | V189: =IF(ISNA(VLOOKUP($D189,Base,12,FALSE))," ",+VLOOKUP($D189,Base,12,FALSE)) | W189: =IF(ISNA(VLOOKUP($D189,Base,7,FALSE))," ",+VLOOKUP($D189,Base,7,FALSE)) | X189: =IF(ISNA(VLOOKUP($D189,Base,8,FALSE))," ",+VLOOKUP($D189,Base,8,FALSE))
... A192: =IF(Tableau43[[#This Row],[Nom ]]<>"",VLOOKUP(Tableau43[[#This Row],[Matricule ]],BASEDATA,5,FALSE),"") | B192: =IF(Tableau43[[#This Row],[Nom ]]<>"",VLOOKUP(Tableau43[[#This Row],[Matricule ]],BASEDATA,3,FALSE),"") | C192: =IF(Tableau43[[#This Row],[Nom ]]<>"",VLOOKUP(Tableau43[[#This Row],[Matricule ]],BASEDATA,2,FALSE),"") | D192: =IF(Tableau43[[#This Row],[Nom ]]<>"",VLOOKUP(E192,DATA!A:U,3,FALSE),"") | F192: =IF(Tableau43[[#This Row],[Nom ]]<>"",VLOOKUP(E192,DATA!A:U,2,FALSE),"") | G192: =IF(Tableau43[[#This Row],[Nom ]]<>"",VLOOKUP(Tableau43[[#This Row],[Matricule ]],BASESERVICE,4,FALSE),"") | S192: =IF(ISNA(VLOOKUP($D192,Base,5,FALSE))," ",+VLOOKUP($D192,Base,5,FALSE)) | T192: =IF(ISNA(VLOOKUP($D192,Base,6,FALSE))," ",+VLOOKUP($D192,Base,6,FALSE)) | U192: =IF(ISNA(VLOOKUP($D192,Base,11,FALSE))," ",+VLOOKUP($D192,Base,11,FALSE)) | V192: =IF(ISNA(VLOOKUP($D192,Base,12,FALSE))," ",+VLOOKUP($D192,Base,12,FALSE)) | W192: =IF(ISNA(VLOOKUP($D192,Base,7,FALSE))," ",+VLOOKUP($D192,Base,7,FALSE)) | X192: =IF(ISNA(VLOOKUP($D192,Base,8,FALSE))," ",+VLOOKUP($D192,Base,8,FALSE))

Sheet Service
F1: Plan de formation 2019 - Service
D3: Effectif | E3: Nb actions | F3: Nb H | G3: Coûts pédago. | H3: Coûts salariaux | I3: Coûts totaux
C4: Totaux | D4: =COUNTA(DATA!A2:A379) -> 236 | E4: =COUNTA(H12:H643) -> 308 | F4: =SUM(K12:K643) -> 1726 | G4: =SUM(L12:L643) -> 38115 | H4: =SUM(V12:V191) -> 0 | I4: =G4+H4 -> 38115
C6: Sous-Totaux | E6: =SUBTOTAL(3,H12:H643) -> 308 | F6: =SUBTOTAL(9,K12:K643) -> 1726 | G6: =SUBTOTAL(9,L12:L643) -> 38115 | H6: =SUBTOTAL(9,V12:V191) -> 0 | I6: =G6+H6 -> 38115
C7: Rapports | E7: =IFERROR(E6/E4,"") -> 1 | F7: =IFERROR(F6/F4,"") -> 1 | G7: =IFERROR(G6/G4,"") -> 1 | H7: =IFERROR(H6/H4,"") | I7: =IFERROR(I6/I4,"") -> 1
A10: SERVICE | D10: COLLABORATEUR | G10: FORMATION | M10: PLAN DE FORMATION 2019
A11: Service | B11: Site | C11: Manager | D11: Matricule | E11: Nom | F11: Prénom | G11: Axe (Filières) | H11: Intitulé | I11: Priorité mger | J11: Organisme | K11: Durée H | L11: Coût péda. | M11: Dispositif (Plan / DIF) | N11: Axe (note cadrage) | O11: Validation (Oui/Non) | P11: Calendrier de réalisation
A12: =IF(Tableau1[[#This Row],[Nom ]]<>"",VLOOKUP(Tableau1[[#This Row],[Matricule ]],BASEDATA,5,FALSE),"") -> DVC | B12: =IF(Tableau1[[#This Row],[Nom ]]<>"",VLOOKUP(Tableau1[[#This Row],[Matricule ]],BASEDATA,3,FALSE),"") -> Aub. | C12: =IF(Tableau1[[#This Row],[Nom ]]<>"",VLOOKUP(Tableau1[[#This Row],[Matricule ]],BASEDATA,2,FALSE),"") -> ALIX | D12: =IF(Tableau1[[#This Row],[Nom ]]<>"",VLOOKUP(E12,DATA!A:U,3,FALSE),"") -> 102933 | E12: AIT HELLAL | F12: =IF(Tableau1[[#This Row],[Nom ]]<>"",VLOOKUP(E12,DATA!A:U,2,FALSE),"") -> Yazid | G12: Sécurité | H12: Incendie | J12: APAVE | K12: 1.5 | L12: 53 | M12: Plan | N12: Formation obligatoire
A13: =IF(Tableau1[[#This Row],[Nom ]]<>"",VLOOKUP(Tableau1[[#This Row],[Matricule ]],BASEDATA,5,FALSE),"") -> DVC | B13: =IF(Tableau1[[#This Row],[Nom ]]<>"",VLOOKUP(Tableau1[[#This Row],[Matricule ]],BASEDATA,3,FALSE),"") -> Aub. | C13: =IF(Tableau1[[#This Row],[Nom ]]<>"",VLOOKUP(Tableau1[[#This Row],[Matricule ]],BASEDATA,2,FALSE),"") -> ALIX | D13: =IF(Tableau1[[#This Row],[Nom ]]<>"",VLOOKUP(E13,DATA!A:U,3,FALSE),"") -> 102933 | E13: AIT HELLAL | F13: =IF(Tableau1[[#This Row],[Nom ]]<>"",VLOOKUP(E13,DATA!A:U,2,FALSE),"") -> Yazid | G13: Sécurité | H13: Recyclage SST | J13: CFSP | K13: 7 | L13: 117 | M13: Plan | N13: Formation obligatoire
A14: =IF(Tableau1[[#This Row],[Nom ]]<>"",VLOOKUP(Tableau1[[#This Row],[Matricule ]],BASEDATA,5,FALSE),"") -> DVC | B14: =IF(Tableau1[[#This Row],[Nom ]]<>"",VLOOKUP(Tableau1[[#This Row],[Matricule ]],BASEDATA,3,FALSE),"") -> STG | C14: =IF(Tableau1[[#This Row],[Nom ]]<>"",VLOOKUP(Tableau1[[#This Row],[Matricule ]],BASEDATA,2,FALSE),"") -> XUEREB | D14: =IF(Tableau1[[#This Row],[Nom ]]<>"",VLOOKUP(E14,DATA!A:U,3,FALSE),"") -> 104634 | E14: ALVES | F14: =IF(Tableau1[[#This Row],[Nom ]]<>"",VLOOKUP(E14,DATA!A:U,2,FALSE),"") -> Paolo | G14: Sécurité | H14: Incendie | J14: APAVE | K14: 1.5 | L14: 53 | M14: Plan | N14: Formation obligatoire
A15: =IF(Tableau1[[#This Row],[Nom ]]<>"",VLOOKUP(Tableau1[[#This Row],[Matricule ]],BASEDATA,5,FALSE),"") -> DVC | B15: =IF(Tableau1[[#This Row],[Nom ]]<>"",VLOOKUP(Tableau1[[#This Row],[Matricule ]],BASEDATA,3,FALSE),"") -> STG | C15: =IF(Tableau1[[#This Row],[Nom ]]<>"",VLOOKUP(Tableau1[[#This Row],[Matricule ]],BASEDATA,2,FALSE),"") -> XUEREB | D15: =IF(Tableau1[[#This Row],[Nom ]]<>"",VLOOKUP(E15,DATA!A:U,3,FALSE),"") -> 104634 | E15: ALVES | F15: =IF(Tableau1[[#This Row],[Nom ]]<>"",VLOOKUP(E15,DATA!A:U,2,FALSE),"") -> Paolo | G15: Sécurité | H15: Risques chimiques | J15: APAVE | K15: 7 | L15: 162 | M15: Plan | N15: Formation obligatoire
A16: =IF(Tableau1[[#This Row],[Nom ]]<>"",VLOOKUP(Tableau1[[#This Row],[Matricule ]],BASEDATA,5,FALSE),"") -> DVC | B16: =IF(Tableau1[[#This Row],[Nom ]]<>"",VLOOKUP(Tableau1[[#This Row],[Matricule ]],BASEDATA,3,FALSE),"") -> STG | C16: =IF(Tableau1[[#This Row],[Nom ]]<>"",VLOOKUP(Tableau1[[#This Row],[Matricule ]],BASEDATA,2,FALSE),"") -> XUEREB | D16: =IF(Tableau1[[#This Row],[Nom ]]<>"",VLOOKUP(E16,DATA!A:U,3,FALSE),"") -> 104634 | E16: ALVES | F16: =IF(Tableau1[[#This Row],[Nom ]]<>"",VLOOKUP(E16,DATA!A:U,2,FALSE),"") -> Paolo | G16: Sécurité | H16: Recyclage pont rou | J16: APAVE | K16: 7 | L16: 165 | M16: Plan | N16: Formation obligatoire
A17: =IF(Tableau1[[#This Row],[Nom ]]<>"",VLOOKUP(Tableau1[[#This Row],[Matricule ]],BASEDATA,5,FALSE),"") -> DVC | B17: =IF(Tableau1[[#This Row],[Nom ]]<>"",VLOOKUP(Tableau1[[#This Row],[Matricule ]],BASEDATA,3,FALSE),"") -> STG | C17: =IF(Tableau1[[#This Row],[Nom ]]<>"",VLOOKUP(Tableau1[[#This Row],[Matricule ]],BASEDATA,2,FALSE),"") -> XUEREB | D17: =IF(Tableau1[[#This Row],[Nom ]]<>"",VLOOKUP(E17,DATA!A:U,3,FALSE),"") -> 104692 | E17: ARNAUD JOUFFREY | F17: =IF(Tableau1[[#This Row],[Nom ]]<>"",VLOOKUP(E17,DATA!A:U,2,FALSE),"") -> Jean-Marc | G17: Sécurité | H17: Incendie | J17: APAVE | K17: 1.5 | L17: 53 | M17: Plan | N17: Formation obligatoire
A18: =IF(Tableau1[[#This Row],[Nom ]]<>"",VLOOKUP(Tableau1[[#This Row],[Matricule ]],BASEDATA,5,FALSE),"") -> DVC | B18: =IF(Tableau1[[#This Row],[Nom ]]<>"",VLOOKUP(Tableau1[[#This Row],[Matricule ]],BASEDATA,3,FALSE),"") -> STG | C18: =IF(Tableau1[[#This Row],[Nom ]]<>"",VLOOKUP(Tableau1[[#This Row],[Matricule ]],BASEDATA,2,FALSE),"") -> XUEREB | D18: =IF(Tableau1[[#This Row],[Nom ]]<>"",VLOOKUP(E18,DATA!A:U,3,FALSE),"") -> 104692 | E18: ARNAUD JOUFFREY | F18: =IF(Tableau1[[#This Row],[Nom ]]<>"",VLOOKUP(E18,DATA!A:U,2,FALSE),"") -> Jean-Marc | G18: Sécurité | H18: Risques chimiques | J18: APAVE | K18: 7 | L18: 162 | M18: Plan | N18: Formation obligatoire
A19: =IF(Tableau1[[#This Row],[Nom ]]<>"",VLOOKUP(Tableau1[[#This Row],[Matricule ]],BASEDATA,5,FALSE),"") -> DVC | B19: =IF(Tableau1[[#This Row],[Nom ]]<>"",VLOOKUP(Tableau1[[#This Row],[Matricule ]],BASEDATA,3,FALSE),"") -> Aub. | C19: =IF(Tableau1[[#This Row],[Nom ]]<>"",VLOOKUP(Tableau1[[#This Row],[Matricule ]],BASEDATA,2,FALSE),"") -> SAVY | D19: =IF(Tableau1[[#This Row],[Nom ]]<>"",VLOOKUP(E19,DATA!A:U,3,FALSE),"") -> 102936 | E19: ARNAUDE | F19: =IF(Tableau1[[#This Row],[Nom ]]<>"",VLOOKUP(E19,DATA!A:U,2,FALSE),"") -> Emmanuel | G19: Sécurité | H19: Incendie | J19: APAVE | K19: 1.5 | L19: 53 | M19: Plan | N19: Formation obligatoire
A20: =IF(Tableau1[[#This Row],[Nom ]]<>"",VLOOKUP(Tableau1[[#This Row],[Matricule ]],BASEDATA,5,FALSE),"") -> DVC | B20: =IF(Tableau1[[#This Row],[Nom ]]<>"",VLOOKUP(Tableau1[[#This Row],[Matricule ]],BASEDATA,3,FALSE),"") -> Aub. | C20: =IF(Tableau1[[#This Row],[Nom ]]<>"",VLOOKUP(Tableau1[[#This Row],[Matricule ]],BASEDATA,2,FALSE),"") -> SAVY | D20: =IF(Tableau1[[#This Row],[Nom ]]<>"",VLOOKUP(E20,DATA!A:U,3,FALSE),"") -> 102936 | E20: ARNAUDE | F20: =IF(Tableau1[[#This Row],[Nom ]]<>"",VLOOKUP(E20,DATA!A:U,2,FALSE),"") -> Emmanuel | G20: Sécurité | H20: Recyclage SST | J20: CFSP | K20: 7 | L20: 117 | M20: Plan | N20: Formation obligatoire
A21: =IF(Tableau1[[#This Row],[Nom ]]<>"",VLOOKUP(Tableau1[[#This Row],[Matricule ]],BASEDATA,5,FALSE),"") -> DVC | B21: =IF(Tableau1[[#This Row],[Nom ]]<>"",VLOOKUP(Tableau1[[#This Row],[Matricule ]],BASEDATA,3,FALSE),"") -> Aub. | C21: =IF(Tableau1[[#This Row],[Nom ]]<>"",VLOOKUP(Tableau1[[#This Row],[Matricule ]],BASEDATA,2,FALSE),"") -> PIFFAUT | D21: =IF(Tableau1[[#This Row],[Nom ]]<>"",VLOOKUP(E21,DATA!A:U,3,FALSE),"") -> 103038 | E21: ARNAUDJL | F21: =IF(Tableau1[[#This Row],[Nom ]]<>"",VLOOKUP(E21,DATA!A:U,2,FALSE),"") -> Jean-Luc | G21: Sécurité | H21: Incendie | J21: APAVE | K21: 1.5 | L21: 53 | M21: Plan | N21: Formation obligatoire
A22: =IF(Tableau1[[#This Row],[Nom ]]<>"",VLOOKUP(Tableau1[[#This Row],[Matricule ]],BASEDATA,5,FALSE),"") -> DVC | B22: =IF(Tableau1[[#This Row],[Nom ]]<>"",VLOOKUP(Tableau1[[#This Row],[Matricule ]],BASEDATA,3,FALSE),"") -> Aub. | C22: =IF(Tableau1[[#This Row],[Nom ]]<>"",VLOOKUP(Tableau1[[#This Row],[Matricule ]],BASEDATA,2,FALSE),"") -> PIFFAUT | D22: =IF(Tableau1[[#This Row],[Nom ]]<>"",VLOOKUP(E22,DATA!A:U,3,FALSE),"") -> 103038 | E22: ARNAUDJL | F22: =IF(Tableau1[[#This Row],[Nom ]]<>"",VLOOKUP(E22,DATA!A:U,2,FALSE),"") -> Jean-Luc | G22: Sécurité | H22: Recyclage CACES3 | J22: APAVE | K22: 14 | L22: 297 | M22: Plan | N22: Formation obligatoire
A23: =IF(Tableau1[[#This Row],[Nom ]]<>"",VLOOKUP(Tableau1[[#This Row],[Matricule ]],BASEDATA,5,FALSE),"") -> DVC | B23: =IF(Tableau1[[#This Row],[Nom ]]<>"",VLOOKUP(Tableau1[[#This Row],[Matricule ]],BASEDATA,3,FALSE),"") -> Aub. | C23: =IF(Tableau1[[#This Row],[Nom ]]<>"",VLOOKUP(Tableau1[[#This Row],[Matricule ]],BASEDATA,2,FALSE),"") -> PIFFAUT | D23: =IF(Tableau1[[#This Row],[Nom ]]<>"",VLOOKUP(E23,DATA!A:U,3,FALSE),"") -> 103038 | E23: ARNAUDJL | F23: =IF(Tableau1[[#This Row],[Nom ]]<>"",VLOOKUP(E23,DATA!A:U,2,FALSE),"") -> Jean-Luc | G23: Sécurité | H23: Recyclage SST | J23: CFSP | K23: 7 | L23: 117 | M23: Plan | N23: Formation obligatoire
... A58: =IF(Tableau1[[#This Row],[Nom ]]<>"",VLOOKUP(Tableau1[[#This Row],[Matricule ]],BASEDATA,5,FALSE),"") -> DVC | B58: =IF(Tableau1[[#This Row],[Nom ]]<>"",VLOOKUP(Tableau1[[#This Row],[Matricule ]],BASEDATA,3,FALSE),"") -> Aub. | C58: =IF(Tableau1[[#This Row],[Nom ]]<>"",VLOOKUP(Tableau1[[#This Row],[Matricule ]],BASEDATA,2,FALSE),"") -> SENEPART | D58: =IF(Tableau1[[#This Row],[Nom ]]<>"",VLOOKUP(E58,DATA!A:U,3,FALSE),"") -> 103039 | E58: BRANJONNEAU | F58: =IF(Tableau1[[#This Row],[Nom ]]<>"",VLOOKUP(E58,DATA!A:U,2,FALSE),"") -> Didier | G58: Sécurité | H58: Gestes et postures | J58: APAVE | K58: 7 | L58: 124 | M58: Plan | N58: Formation obligatoire
A59: =IF(Tableau1[[#This Row],[Nom ]]<>"",VLOOKUP(Tableau1[[#This Row],[Matricule ]],BASEDATA,5,FALSE),"") -> DVC | B59: =IF(Tableau1[[#This Row],[Nom ]]<>"",VLOOKUP(Tableau1[[#This Row],[Matricule ]],BASEDATA,3,FALSE),"") -> STG | C59: =IF(Tableau1[[#This Row],[Nom ]]<>"",VLOOKUP(Tableau1[[#This Row],[Matricule ]],BASEDATA,2,FALSE),"") -> XUEREB | D59: =IF(Tableau1[[#This Row],[Nom ]]<>"",VLOOKUP(E59,DATA!A:U,3,FALSE),"") -> 10559261 | E59: BRISARD | F59: =IF(Tableau1[[#This Row],[Nom ]]<>"",VLOOKUP(E59,DATA!A:U,2,FALSE),"") -> Simon | G59: Sécurité | H59: Gestes et postures | J59: APAVE | K59: 7 | L59: 124 | M59: Plan | N59: Formation obligatoire | O59: Oui | P59: 2019-Q2
A60: =IF(Tableau1[[#This Row],[Nom ]]<>"",VLOOKUP(Tableau1[[#This Row],[Matricule ]],BASEDATA,5,FALSE),"") -> DVC | B60: =IF(Tableau1[[#This Row],[Nom ]]<>"",VLOOKUP(Tableau1[[#This Row],[Matricule ]],BASEDATA,3,FALSE),"") -> STG | C60: =IF(Tableau1[[#This Row],[Nom ]]<>"",VLOOKUP(Tableau1[[#This Row],[Matricule ]],BASEDATA,2,FALSE),"") -> XUEREB | D60: =IF(Tableau1[[#This Row],[Nom ]]<>"",VLOOKUP(E60,DATA!A:U,3,FALSE),"") -> 10559261 | E60: BRISARD | F60: =IF(Tableau1[[#This Row],[Nom ]]<>"",VLOOKUP(E60,DATA!A:U,2,FALSE),"") -> Simon | G60: Sécurité | H60: Incendie | J60: APAVE | K60: 1.5 | L60: 53 | M60: Plan | N60: Formation obligatoire
A61: =IF(Tableau1[[#This Row],[Nom ]]<>"",VLOOKUP(Tableau1[[#This Row],[Matricule ]],BASEDATA,5,FALSE),"") -> DVC | B61: =IF(Tableau1[[#This Row],[Nom ]]<>"",VLOOKUP(Tableau1[[#This Row],[Matricule ]],BASEDATA,3,FALSE),"") -> STG | C61: =IF(Tableau1[[#This Row],[Nom ]]<>"",VLOOKUP(Tableau1[[#This Row],[Matricule ]],BASEDATA,2,FALSE),"") -> FOUASSIER | D61: =IF(Tableau1[[#This Row],[Nom ]]<>"",VLOOKUP(E61,DATA!A:U,3,FALSE),"") -> 104658 | E61: BRUN | F61: =IF(Tableau1[[#This Row],[Nom ]]<>"",VLOOKUP(E61,DATA!A:U,2,FALSE),"") -> Christian | G61: Sécurité | H61: Incendie | J61: APAVE | K61: 1.5 | L61: 53 | M61: Plan | N61: Formation obligatoire
A62: =IF(Tableau1[[#This Row],[Nom ]]<>"",VLOOKUP(Tableau1[[#This Row],[Matricule ]],BASEDATA,5,FALSE),"") -> DVC | B62: =IF(Tableau1[[#This Row],[Nom ]]<>"",VLOOKUP(Tableau1[[#This Row],[Matricule ]],BASEDATA,3,FALSE),"") -> STG | C62: =IF(Tableau1[[#This Row],[Nom ]]<>"",VLOOKUP(Tableau1[[#This Row],[Matricule ]],BASEDATA,2,FALSE),"") -> FOUASSIER | D62: =IF(Tableau1[[#This Row],[Nom ]]<>"",VLOOKUP(E62,DATA!A:U,3,FALSE),"") -> 104658 | E62: BRUN | F62: =IF(Tableau1[[#This Row],[Nom ]]<>"",VLOOKUP(E62,DATA!A:U,2,FALSE),"") -> Christian | G62: Sécurité | H62: Risques chimiques | J62: APAVE | K62: 7 | L62: 162 | M62: Plan | N62: Formation obligatoire
A63: =IF(Tableau1[[#This Row],[Nom ]]<>"",VLOOKUP(Tableau1[[#This Row],[Matricule ]],BASEDATA,5,FALSE),"") -> DVC | B63: =IF(Tableau1[[#This Row],[Nom ]]<>"",VLOOKUP(Tableau1[[#This Row],[Matricule ]],BASEDATA,3,FALSE),"") -> Aub. | C63: =IF(Tableau1[[#This Row],[Nom ]]<>"",VLOOKUP(Tableau1[[#This Row],[Matricule ]],BASEDATA,2,FALSE),"") -> ALIX | D63: =IF(Tableau1[[#This Row],[Nom ]]<>"",VLOOKUP(E63,DATA!A:U,3,FALSE),"") -> 115869 | E63: BRUNEL | F63: =IF(Tableau1[[#This Row],[Nom ]]<>"",VLOOKUP(E63,DATA!A:U,2,FALSE),"") -> Xavier | G63: Sécurité | H63: Recyclage SST | J63: CFSP | K63: 7 | L63: 117 | M63: Plan | N63: Formation obligatoire
A64: =IF(Tableau1[[#This Row],[Nom ]]<>"",VLOOKUP(Tableau1[[#This Row],[Matricule ]],BASEDATA,5,FALSE),"") -> DVC | B64: =IF(Tableau1[[#This Row],[Nom ]]<>"",VLOOKUP(Tableau1[[#This Row],[Matricule ]],BASEDATA,3,FALSE),"") -> Aub. | C64: =IF(Tableau1[[#This Row],[Nom ]]<>"",VLOOKUP(Tableau1[[#This Row],[Matricule ]],BASEDATA,2,FALSE),"") -> ALIX | D64: =IF(Tableau1[[#This Row],[Nom ]]<>"",VLOOKUP(E64,DATA!A:U,3,FALSE),"") -> 115869 | E64: BRUNEL | F64: =IF(Tableau1[[#This Row],[Nom ]]<>"",VLOOKUP(E64,DATA!A:U,2,FALSE),"") -> Xavier | G64: Sécurité | H64: HAB ELEC | J64: SEEF | K64: 10.5 | L64: 260 | M64: Plan | N64: Formation obligatoire
A65: =IF(Tableau1[[#This Row],[Nom ]]<>"",VLOOKUP(Tableau1[[#This Row],[Matricule ]],BASEDATA,5,FALSE),"") -> DVC | B65: =IF(Tableau1[[#This Row],[Nom ]]<>"",VLOOKUP(Tableau1[[#This Row],[Matricule ]],BASEDATA,3,FALSE),"") -> STG | C65: =IF(Tableau1[[#This Row],[Nom ]]<>"",VLOOKUP(Tableau1[[#This Row],[Matricule ]],BASEDATA,2,FALSE),"") -> FOUASSIER | D65: =IF(Tableau1[[#This Row],[Nom ]]<>"",VLOOKUP(E65,DATA!A:U,3,FALSE),"") -> 104784 | E65: BUISSON | F65: =IF(Tableau1[[#This Row],[Nom ]]<>"",VLOOKUP(E65,DATA!A:U,2,FALSE),"") -> Florian | G65: Sécurité | H65: Incendie | J65: APAVE | K65: 1.5 | L65: 53 | M65: Plan | N65: Formation obligatoire
A66: =IF(Tableau1[[#This Row],[Nom ]]<>"",VLOOKUP(Tableau1[[#This Row],[Matricule ]],BASEDATA,5,FALSE),"") -> DVC | B66: =IF(Tableau1[[#This Row],[Nom ]]<>"",VLOOKUP(Tableau1[[#This Row],[Matricule ]],BASEDATA,3,FALSE),"") -> STG | C66: =IF(Tableau1[[#This Row],[Nom ]]<>"",VLOOKUP(Tableau1[[#This Row],[Matricule ]],BASEDATA,2,FALSE),"") -> FOUASSIER | D66: =IF(Tableau1[[#This Row],[Nom ]]<>"",VLOOKUP(E66,DATA!A:U,3,FALSE),"") -> 104784 | E66: BUISSON | F66: =IF(Tableau1[[#This Row],[Nom ]]<>"",VLOOKUP(E66,DATA!A:U,2,FALSE),"") -> Florian | G66: Sécurité | H66: Recyclage SST | J66: CFSP | K66: 7 | L66: 117 | M66: Plan | N66: Formation obligatoire
A67: =IF(Tableau1[[#This Row],[Nom ]]<>"",VLOOKUP(Tableau1[[#This Row],[Matricule ]],BASEDATA,5,FALSE),"") -> DVC | B67: =IF(Tableau1[[#This Row],[Nom ]]<>"",VLOOKUP(Tableau1[[#This Row],[Matricule ]],BASEDATA,3,FALSE),"") -> STG | C67: =IF(Tableau1[[#This Row],[Nom ]]<>"",VLOOKUP(Tableau1[[#This Row],[Matricule ]],BASEDATA,2,FALSE),"") -> FOUASSIER | D67: =IF(Tableau1[[#This Row],[Nom ]]<>"",VLOOKUP(E67,DATA!A:U,3,FALSE),"") -> 104784 | E67: BUISSON | F67: =IF(Tableau1[[#This Row],[Nom ]]<>"",VLOOKUP(E67,DATA!A:U,2,FALSE),"") -> Florian | G67: Sécurité | H67: HAB ELEC | J67: SEEF | K67: 10.5 | L67: 260 | M67: Plan | N67: Formation obligatoire
A68: =IF(Tableau1[[#This Row],[Nom ]]<>"",VLOOKUP(Tableau1[[#This Row],[Matricule ]],BASEDATA,5,FALSE),"") -> DVC | B68: =IF(Tableau1[[#This Row],[Nom ]]<>"",VLOOKUP(Tableau1[[#This Row],[Matricule ]],BASEDATA,3,FALSE),"") -> STG | C68: =IF(Tableau1[[#This Row],[Nom ]]<>"",VLOOKUP(Tableau1[[#This Row],[Matricule ]],BASEDATA,2,FALSE),"") -> XUEREB | D68: =IF(Tableau1[[#This Row],[Nom ]]<>"",VLOOKUP(E68,DATA!A:U,3,FALSE),"") -> 135347 | E68: BUNEL | F68: =IF(Tableau1[[#This Row],[Nom ]]<>"",VLOOKUP(E68,DATA!A:U,2,FALSE),"") -> Stephane | G68: Sécurité | H68: Incendie | J68: APAVE | K68: 1.5 | L68: 53 | M68: Plan | N68: Formation obligatoire
A69: =IF(Tableau1[[#This Row],[Nom ]]<>"",VLOOKUP(Tableau1[[#This Row],[Matricule ]],BASEDATA,5,FALSE),"") -> DVC | B69: =IF(Tableau1[[#This Row],[Nom ]]<>"",VLOOKUP(Tableau1[[#This Row],[Matricule ]],BASEDATA,3,FALSE),"") -> STG | C69: =IF(Tableau1[[#This Row],[Nom ]]<>"",VLOOKUP(Tableau1[[#This Row],[Matricule ]],BASEDATA,2,FALSE),"") -> XUEREB | D69: =IF(Tableau1[[#This Row],[Nom ]]<>"",VLOOKUP(E69,DATA!A:U,3,FALSE),"") -> 135347 | E69: BUNEL | F69: =IF(Tableau1[[#This Row],[Nom ]]<>"",VLOOKUP(E69,DATA!A:U,2,FALSE),"") -> Stephane | G69: Sécurité | H69: Recyclage SST | J69: CFSP | K69: 7 | L69: 117 | M69: Plan | N69: Formation obligatoire
A70: =IF(Tableau1[[#This Row],[Nom ]]<>"",VLOOKUP(Tableau1[[#This Row],[Matricule ]],BASEDATA,5,FALSE),"") -> DVC | B70: =IF(Tableau1[[#This Row],[Nom ]]<>"",VLOOKUP(Tableau1[[#This Row],[Matricule ]],BASEDATA,3,FALSE),"") -> STG | C70: =IF(Tableau1[[#This Row],[Nom ]]<>"",VLOOKUP(Tableau1[[#This Row],[Matricule ]],BASEDATA,2,FALSE),"") -> XUEREB | D70: =IF(Tableau1[[#This Row],[Nom ]]<>"",VLOOKUP(E70,DATA!A:U,3,FALSE),"") -> 135347 | E70: BUNEL | F70: =IF(Tableau1[[#This Row],[Nom ]]<>"",VLOOKUP(E70,DATA!A:U,2,FALSE),"") -> Stephane | G70: Sécurité | H70: HAB ELEC | J70: SEEF | K70: 10.5 | L70: 260 | M70: Plan | N70: Formation obligatoire
A71: =IF(Tableau1[[#This Row],[Nom ]]<>"",VLOOKUP(Tableau1[[#This Row],[Matricule ]],BASEDATA,5,FALSE),"") -> DVC | B71: =IF(Tableau1[[#This Row],[Nom ]]<>"",VLOOKUP(Tableau1[[#This Row],[Matricule ]],BASEDATA,3,FALSE),"") -> Lattes | C71: =IF(Tableau1[[#This Row],[Nom ]]<>"",VLOOKUP(Tableau1[[#This Row],[Matricule ]],BASEDATA,2,FALSE),"") -> VERNE | D71: =IF(Tableau1[[#This Row],[Nom ]]<>"",VLOOKUP(E71,DATA!A:U,3,FALSE),"") -> 191775 | E71: CABANE | F71: =IF(Tableau1[[#This Row],[Nom ]]<>"",VLOOKUP(E71,DATA!A:U,2,FALSE),"") -> Sylvie | G71: Sécurité | H71: Gestes et postures | J71: APAVE | K71: 7 | L71: 124 | M71: Plan | N71: Formation obligatoire
... A319: =IF(Tableau1[[#This Row],[Nom ]]<>"",VLOOKUP(Tableau1[[#This Row],[Matricule ]],BASEDATA,5,FALSE),"") -> DVC | B319: =IF(Tableau1[[#This Row],[Nom ]]<>"",VLOOKUP(Tableau1[[#This Row],[Matricule ]],BASEDATA,3,FALSE),"") -> STG | C319: =IF(Tableau1[[#This Row],[Nom ]]<>"",VLOOKUP(Tableau1[[#This Row],[Matricule ]],BASEDATA,2,FALSE),"") -> XUEREB | D319: =IF(Tableau1[[#This Row],[Nom ]]<>"",VLOOKUP(E319,DATA!A:U,3,FALSE),"") -> 288570 | E319: ZAYOUT | F319: =IF(Tableau1[[#This Row],[Nom ]]<>"",VLOOKUP(E319,DATA!A:U,2,FALSE),"") -> Larbi | G319: Sécurité | H319: HAB ELEC | J319: SEEF | K319: 10.5 | L319: 260 | M319: Plan | N319: Formation obligatoire
A320: =IF(Tableau1[[#This Row],[Nom ]]<>"",VLOOKUP(Tableau1[[#This Row],[Matricule ]],BASEDATA,5,FALSE),"") | B320: =IF(Tableau1[[#This Row],[Nom ]]<>"",VLOOKUP(Tableau1[[#This Row],[Matricule ]],BASEDATA,3,FALSE),"") | C320: =IF(Tableau1[[#This Row],[Nom ]]<>"",VLOOKUP(Tableau1[[#This Row],[Matricule ]],BASEDATA,2,FALSE),"") | D320: =IF(Tableau1[[#This Row],[Nom ]]<>"",VLOOKUP(E320,DATA!A:U,3,FALSE),"") | F320: =IF(Tableau1[[#This Row],[Nom ]]<>"",VLOOKUP(E320,DATA!A:U,2,FALSE),"") | G320: Sécurité
A321: =IF(Tableau1[[#This Row],[Nom ]]<>"",VLOOKUP(Tableau1[[#This Row],[Matricule ]],BASEDATA,5,FALSE),"") | B321: =IF(Tableau1[[#This Row],[Nom ]]<>"",VLOOKUP(Tableau1[[#This Row],[Matricule ]],BASEDATA,3,FALSE),"") | C321: =IF(Tableau1[[#This Row],[Nom ]]<>"",VLOOKUP(Tableau1[[#This Row],[Matricule ]],BASEDATA,2,FALSE),"") | D321: =IF(Tableau1[[#This Row],[Nom ]]<>"",VLOOKUP(E321,DATA!A:U,3,FALSE),"") | F321: =IF(Tableau1[[#This Row],[Nom ]]<>"",VLOOKUP(E321,DATA!A:U,2,FALSE),"") | G321: Sécurité
A322: =IF(Tableau1[[#This Row],[Nom ]]<>"",VLOOKUP(Tableau1[[#This Row],[Matricule ]],BASEDATA,5,FALSE),"") | B322: =IF(Tableau1[[#This Row],[Nom ]]<>"",VLOOKUP(Tableau1[[#This Row],[Matricule ]],BASEDATA,3,FALSE),"") | C322: =IF(Tableau1[[#This Row],[Nom ]]<>"",VLOOKUP(Tableau1[[#This Row],[Matricule ]],BASEDATA,2,FALSE),"") | D322: =IF(Tableau1[[#This Row],[Nom ]]<>"",VLOOKUP(E322,DATA!A:U,3,FALSE),"") | F322: =IF(Tableau1[[#This Row],[Nom ]]<>"",VLOOKUP(E322,DATA!A:U,2,FALSE),"") | G322: Sécurité
A323: =IF(Tableau1[[#This Row],[Nom ]]<>"",VLOOKUP(Tableau1[[#This Row],[Matricule ]],BASEDATA,5,FALSE),"") | B323: =IF(Tableau1[[#This Row],[Nom ]]<>"",VLOOKUP(Tableau1[[#This Row],[Matricule ]],BASEDATA,3,FALSE),"") | C323: =IF(Tableau1[[#This Row],[Nom ]]<>"",VLOOKUP(Tableau1[[#This Row],[Matricule ]],BASEDATA,2,FALSE),"") | D323: =IF(Tableau1[[#This Row],[Nom ]]<>"",VLOOKUP(E323,DATA!A:U,3,FALSE),"") | F323: =IF(Tableau1[[#This Row],[Nom ]]<>"",VLOOKUP(E323,DATA!A:U,2,FALSE),"") | G323: Sécurité
A324: =IF(Tableau1[[#This Row],[Nom ]]<>"",VLOOKUP(Tableau1[[#This Row],[Matricule ]],BASEDATA,5,FALSE),"") | B324: =IF(Tableau1[[#This Row],[Nom ]]<>"",VLOOKUP(Tableau1[[#This Row],[Matricule ]],BASEDATA,3,FALSE),"") | C324: =IF(Tableau1[[#This Row],[Nom ]]<>"",VLOOKUP(Tableau1[[#This Row],[Matricule ]],BASEDATA,2,FALSE),"") | D324: =IF(Tableau1[[#This Row],[Nom ]]<>"",VLOOKUP(E324,DATA!A:U,3,FALSE),"") | F324: =IF(Tableau1[[#This Row],[Nom ]]<>"",VLOOKUP(E324,DATA!A:U,2,FALSE),"") | G324: Sécurité
A325: =IF(Tableau1[[#This Row],[Nom ]]<>"",VLOOKUP(Tableau1[[#This Row],[Matricule ]],BASEDATA,5,FALSE),"") | B325: =IF(Tableau1[[#This Row],[Nom ]]<>"",VLOOKUP(Tableau1[[#This Row],[Matricule ]],BASEDATA,3,FALSE),"") | C325: =IF(Tableau1[[#This Row],[Nom ]]<>"",VLOOKUP(Tableau1[[#This Row],[Matricule ]],BASEDATA,2,FALSE),"") | D325: =IF(Tableau1[[#This Row],[Nom ]]<>"",VLOOKUP(E325,DATA!A:U,3,FALSE),"") | F325: =IF(Tableau1[[#This Row],[Nom ]]<>"",VLOOKUP(E325,DATA!A:U,2,FALSE),"") | G325: Sécurité
A326: =IF(Tableau1[[#This Row],[Nom ]]<>"",VLOOKUP(Tableau1[[#This Row],[Matricule ]],BASEDATA,5,FALSE),"") | B326: =IF(Tableau1[[#This Row],[Nom ]]<>"",VLOOKUP(Tableau1[[#This Row],[Matricule ]],BASEDATA,3,FALSE),"") | C326: =IF(Tableau1[[#This Row],[Nom ]]<>"",VLOOKUP(Tableau1[[#This Row],[Matricule ]],BASEDATA,2,FALSE),"") | D326: =IF(Tableau1[[#This Row],[Nom ]]<>"",VLOOKUP(E326,DATA!A:U,3,FALSE),"") | F326: =IF(Tableau1[[#This Row],[Nom ]]<>"",VLOOKUP(E326,DATA!A:U,2,FALSE),"") | G326: Sécurité
A327: =IF(Tableau1[[#This Row],[Nom ]]<>"",VLOOKUP(Tableau1[[#This Row],[Matricule ]],BASEDATA,5,FALSE),"") | B327: =IF(Tableau1[[#This Row],[Nom ]]<>"",VLOOKUP(Tableau1[[#This Row],[Matricule ]],BASEDATA,3,FALSE),"") | C327: =IF(Tableau1[[#This Row],[Nom ]]<>"",VLOOKUP(Tableau1[[#This Row],[Matricule ]],BASEDATA,2,FALSE),"") | D327: =IF(Tableau1[[#This Row],[Nom ]]<>"",VLOOKUP(E327,DATA!A:U,3,FALSE),"") | F327: =IF(Tableau1[[#This Row],[Nom ]]<>"",VLOOKUP(E327,DATA!A:U,2,FALSE),"") | G327: Sécurité
A328: =IF(Tableau1[[#This Row],[Nom ]]<>"",VLOOKUP(Tableau1[[#This Row],[Matricule ]],BASEDATA,5,FALSE),"") | B328: =IF(Tableau1[[#This Row],[Nom ]]<>"",VLOOKUP(Tableau1[[#This Row],[Matricule ]],BASEDATA,3,FALSE),"") | C328: =IF(Tableau1[[#This Row],[Nom ]]<>"",VLOOKUP(Tableau1[[#This Row],[Matricule ]],BASEDATA,2,FALSE),"") | D328: =IF(Tableau1[[#This Row],[Nom ]]<>"",VLOOKUP(E328,DATA!A:U,3,FALSE),"") | F328: =IF(Tableau1[[#This Row],[Nom ]]<>"",VLOOKUP(E328,DATA!A:U,2,FALSE),"") | G328: Sécurité
A329: =IF(Tableau1[[#This Row],[Nom ]]<>"",VLOOKUP(Tableau1[[#This Row],[Matricule ]],BASEDATA,5,FALSE),"") | B329: =IF(Tableau1[[#This Row],[Nom ]]<>"",VLOOKUP(Tableau1[[#This Row],[Matricule ]],BASEDATA,3,FALSE),"") | C329: =IF(Tableau1[[#This Row],[Nom ]]<>"",VLOOKUP(Tableau1[[#This Row],[Matricule ]],BASEDATA,2,FALSE),"") | D329: =IF(Tableau1[[#This Row],[Nom ]]<>"",VLOOKUP(E329,DATA!A:U,3,FALSE),"") | F329: =IF(Tableau1[[#This Row],[Nom ]]<>"",VLOOKUP(E329,DATA!A:U,2,FALSE),"") | G329: Sécurité
A330: =IF(Tableau1[[#This Row],[Nom ]]<>"",VLOOKUP(Tableau1[[#This Row],[Matricule ]],BASEDATA,5,FALSE),"") | B330: =IF(Tableau1[[#This Row],[Nom ]]<>"",VLOOKUP(Tableau1[[#This Row],[Matricule ]],BASEDATA,3,FALSE),"") | C330: =IF(Tableau1[[#This Row],[Nom ]]<>"",VLOOKUP(Tableau1[[#This Row],[Matricule ]],BASEDATA,2,FALSE),"") | D330: =IF(Tableau1[[#This Row],[Nom ]]<>"",VLOOKUP(E330,DATA!A:U,3,FALSE),"") | F330: =IF(Tableau1[[#This Row],[Nom ]]<>"",VLOOKUP(E330,DATA!A:U,2,FALSE),"") | G330: Sécurité
A331: =IF(Tableau1[[#This Row],[Nom ]]<>"",VLOOKUP(Tableau1[[#This Row],[Matricule ]],BASEDATA,5,FALSE),"") | B331: =IF(Tableau1[[#This Row],[Nom ]]<>"",VLOOKUP(Tableau1[[#This Row],[Matricule ]],BASEDATA,3,FALSE),"") | C331: =IF(Tableau1[[#This Row],[Nom ]]<>"",VLOOKUP(Tableau1[[#This Row],[Matricule ]],BASEDATA,2,FALSE),"") | D331: =IF(Tableau1[[#This Row],[Nom ]]<>"",VLOOKUP(E331,DATA!A:U,3,FALSE),"") | F331: =IF(Tableau1[[#This Row],[Nom ]]<>"",VLOOKUP(E331,DATA!A:U,2,FALSE),"") | G331: Sécurité
... A484: =IF(Tableau1[[#This Row],[Nom ]]<>"",VLOOKUP(Tableau1[[#This Row],[Matricule ]],BASEDATA,5,FALSE),"") | B484: =IF(Tableau1[[#This Row],[Nom ]]<>"",VLOOKUP(Tableau1[[#This Row],[Matricule ]],BASEDATA,3,FALSE),"") | C484: =IF(Tableau1[[#This Row],[Nom ]]<>"",VLOOKUP(Tableau1[[#This Row],[Matricule ]],BASEDATA,2,FALSE),"") | D484: =IF(Tableau1[[#This Row],[Nom ]]<>"",VLOOKUP(E484,DATA!A:U,3,FALSE),"") | F484: =IF(Tableau1[[#This Row],[Nom ]]<>"",VLOOKUP(E484,DATA!A:U,2,FALSE),"") | G484: Sécurité

Sheet Tableaux IRP
C1: Plan de formation 2011 - site de -----
A4: Analyse par typologie d'action
A6: Réalisation | B6: (Plusieurs éléments)
A7: Typologie d'action | B7: Nombre d'actions | C7: Durée en heures | D7: Coûts pédagogiques | E7: Coûts salariaux chargés | F7: Coûts totaux
B8: Valeurs
A9: Étiquettes de lignes | B9: Nombre de Intitulé | C9: Somme de Durée | D9: Somme de Coût | E9: Somme de Coûts
A10: Adaptation au poste / Maintien dans l’emploi | B10: 38 | C10: 456 | D10: 3332.25 | E10: 391.68 | F10: =D10+E10 -> 3723.93
A11: Développement des compétences | B11: 56 | C11: 1159 | D11: 25297 | E11: 587.52 | F11: =D11+E11 -> 25884.52
A12: (vide) | E12: 0 | F12: =D12+E12 -> 0
A13: Total général | B13: 94 | C13: 1615 | D13: 28629.25 | E13: 979.2 | F13: =D13+E13 -> 29608.45
A17: Analyse par filières
A19: Réalisation | B19: (Plusieurs éléments)
A20: Axe (Filières) | B20: Nombre d'actions | C20: Durée en heures | D20: Coûts pédagogiques | E20: Coûts salariaux chargés | F20: Coûts totaux
B21: Valeurs
A22: Étiquettes de lignes | B22: Nombre de Intitulé | C22: Somme de Durée | D22: Somme de Coût | E22: Somme de Coûts
A23: Commercial | B23: 40 | C23: 560 | E23: 435.2 | F23: =D23+E23 -> 435.2
A24: Divers | B24: 1 | C24: 42 | D24: 1140 | E24: 10.88 | F24: =D24+E24 -> 1150.88
A25: Langues | B25: 1 | C25: 18 | D25: 75.25 | E25: 0 | F25: =D25+E25 -> 75.25
A26: Management | B26: 30 | C26: 372 | D26: 12345 | E26: 304.64 | F26: =D26+E26 -> 12649.64
A27: Sécurité | B27: 9 | C27: 154 | D27: 3509 | E27: 97.92 | F27: =D27+E27 -> 3606.92
A28: Technique | B28: 13 | C28: 469 | D28: 11560 | E28: 130.56 | F28: =D28+E28 -> 11690.56
A29: (vide) | E29: 0 | F29: =D29+E29 -> 0
A30: Total général | B30: 94 | C30: 1615 | D30: 28629.25 | E30: 979.2 | F30: =D30+E30 -> 29608.45
A34: Statistiques globales
A36: Réalisation | B36: (Plusieurs éléments)
A37: CSP / Sexe | B37: Nombre d'actions | C37: Durée en heures | D37: Coûts pédagogiques | E37: Coûts salariaux chargés | F37: Coûts totaux
B38: Valeurs
A39: Étiquettes de lignes | B39: Nombre de Intitulé | C39: Somme de Durée | D39: Somme de Coût | E39: Somme de Coûts
B40: 4 | C40: 58 | D40: 1058.11 | E40: 0 | F40: =D40+E40 -> 1058.11
B41: 4 | C41: 58 | D41: 1058.11 | E41: 0 | F41: =D41+E41 -> 1058.11
A42: Cadre | B42: 72 | C42: 1216 | D42: 17572.14 | E42: 783.36 | F42: =D42+E42 -> 18355.5
A43: F | B43: 10 | C43: 255 | D43: 3892.86 | E43: 108.8 | F43: =D43+E43 -> 4001.66
A44: M | B44: 62 | C44: 961 | D44: 13679.28 | E44: 674.56 | F44: =D44+E44 -> 14353.84
A45: Employé / Technicien | B45: 18 | C45: 341 | D45: 9999 | E45: 195.84 | F45: =D45+E45 -> 10194.84
A46: M | B46: 18 | C46: 341 | D46: 9999 | E46: 195.84 | F46: =D46+E46 -> 10194.84
A47: Total général | B47: 94 | C47: 1615 | D47: 28629.25 | E47: 979.2 | F47: =D47+E47 -> 29608.45

Sheet Graphiques
B1: Plan de formation 2011 - site de -----
A6: Nb heures par filières
A7: Réalisation | B7: (Plusieurs éléments)
A9: Étiquettes de lignes | B9: Somme de Durée
A10: Commercial | B10: 560
A11: Divers | B11: 42
A12: Langues | B12: 18
A13: Management | B13: 372
A14: Sécurité | B14: 154
A15: Technique | B15: 469
A16: Total général | B16: 1615
A24: Coûts par filières
A25: Réalisation | B25: (Plusieurs éléments)
A27: Étiquettes de lignes | B27: Somme de Coût
A28: Commercial
A29: Divers | B29: 1140
A30: Langues | B30: 75.25
A31: Management | B31: 12345
A32: Sécurité | B32: 3509
A33: Technique | B33: 11560
A34: Total général | B34: 28629.25
A43: Coûts par CSP
A44: Réalisation | B44: (Plusieurs éléments)
A46: Étiquettes de lignes | B46: Somme de Coût
A47: Cadre | B47: 17572.14
A48: Employé / Technicien | B48: 9999
A49: Total général | B49: 27571.14
A57: Nb heures par CSP
A58: Réalisation | B58: (Plusieurs éléments)
A60: Étiquettes de lignes | B60: Somme de Durée
A61: Cadre | B61: 1216
A62: Employé / Technicien | B62: 341
A63: Total général | B63: 1557
A72: Coûts par sexes
A73: Réalisation | B73: (Plusieurs éléments)
A75: Étiquettes de lignes | B75: Somme de Coût
A76: F | B76: 3892.86
A77: M | B77: 23678.28
A78: Total général | B78: 27571.14
A87: Nb heures par sexes
A88: Réalisation | B88: (Plusieurs éléments)
A90: Étiquettes de lignes | B90: Somme de Durée
A91: F | B91: 255
A92: M | B92: 1302
A93: Total général | B93: 1557
A106: Réalisation | B106: (Plusieurs éléments)
A108: Étiquettes de lignes | B108: Somme de Durée
A109: Atout Majeur | B109: 189
A110: ATSI Formation | B110: 7
A111: Berlitz | B111: 18
A112: CCI Lyon | B112: 98
A113: IFPNL | B113: 42
A114: IFPST | B114: 14
A115: INSTN | B115: 35
A116: Interfora | B116: 42
A117: Interne | B117: 60
A118: Interne - Groupe | B118: 630
A119: Office International de l'eau | B119: 189
A120: Socotec | B120: 56
... A123: Total général | B123: 1615

Sheet Indicateurs
C1: Indicateurs complémentaires plan de formation 2011 - site de -----
A4: 1 - Taux de formation de l'entité | D4: (= nb de personnes ayant suivi une formation dans l'année / effectif de l'entité) par CSP
F5: Dont taux pour les 50 ans et plus au 01/01/2011
A7: CSP | B7: Effectif entité | C7: Effectif en formation | D7: Taux de formation | F7: CSP | G7: Effectif + 50 ans entité | H7: Effectif + 50 ans en formation | I7: Taux de formation des + 50 ans
A8: Cadres | D8: % | F8: Cadres | I8: %
A9: Etam | D9: % | F9: Etam | I9: %
A10: Ouvrier | D10: % | F10: Ouvrier | I10: %
A11: Total | D11: % | F11: Total | I11: %
A15: 2 - Les non formations de l'entité | D15: (= personnes n'ayant suivi aucune formation dans l'année)
A17: Nom - Prénom | B17: CSP | C17: Emploi/métier | D17: Sce/Dpt
A21: Total : | B21: n personnes
A25: 3 - Indicateur qualité issu des évaluations des formation | F25: (= à définir)

Sheet Calcul Indicateurs
A8: Structure des effectifs de l'entité | H8: Effectif de plus de 50 ans
H10: Age | I10: (Plusieurs éléments)
A11: Nombre de Matricule | B11: Étiquettes de colonnes
A12: Étiquettes de lignes | B12: F | C12: M | D12: Total général | H12: Étiquettes de lignes | I12: Nombre de Matricule
A13: Cadre | B13: 17 | C13: 74 | D13: 91 | H13: Cadre | I13: 28
A14: Employé / Technicien | B14: 16 | C14: 30 | D14: 46 | H14: Employé / Technicien | I14: 12
A15: Hors Bilan Social | B15: 2 | C15: 1 | D15: 3 | H15: Total général | I15: 40
A16: Total général | B16: 35 | C16: 105 | D16: 140
A20: Nbre de personne ayant suivie une formation par rapport à l'effectif total
A23: Durée moyenne des formations par personne / CSP
A26: Nombre de personne sans formation dans l'année
A29: Taux de formation des + de 50 ans par rapport à l'effectif des + de 50 ans
A33: Taux de réalisation du plan de formation par trimestre
A35: Calendrier de réalisation | B35: (Tous)
A37: Nombre de Validation (Oui/Non) | B37: Étiquettes de colonnes
A38: Étiquettes de lignes | B38: En-cours | C38: Non | D38: Oui | E38: Total général
A39: Oui | B39: 9 | C39: 30 | D39: 85 | E39: 124 | F39: =(B39+D39)/E39 -> 0.75806452
A40: Non | C40: 7 | E40: 7
A41: Total général | B41: 9 | C41: 37 | D41: 85 | E41: 131

Sheet Tables
O1: Horaire | P1: Taux charges | Q1: Service | S1: Managers | U1: Axe (Filières) | V1: Priorité mger | W1: Axe (note d'orienttaion formation) | X1: Calendrier de réalisation | Y1: Typologie d'action | Z1: Avancement
O2: 151.66 | P2: 0.5 | Q2: 12 | R2: SSO | S2: 12 | T2: PT Marc | U2: Commercial | V2: 1 | W2: Formation obligatoire | X2: 2019-Q1 | Y2: Adaptation au poste / Maintien dans l’emploi | Z2: Oui
D3: EFFECTIFS AU : | E3: 43430 | Q3: 13 | R3: COMPTABILITE | S3: 13 | T3: HL Michelle | U3: Technique | V3: 2 | W3: Maintien de l'emploi | X3: 2019-Q2 | Y3: Développement des compétences | Z3: Non
Q4: 22 | R4: INFORMATIQUE | S4: 22 | T4: CT Jean-Pierre | U4: Management | V4: 3 | W4: Adaptation au poste | X4: 2019-Q3 | Z4: En-cours
Q5: 23 | R5: PAIE | S5: 23 | T5: MZ Virginie | U5: Sécurité | X5: 2019-Q4 | Z5: Annulé
Q6: 26 | R6: ACHATS | S6: 26 | T6: PT Marc | U6: Langues | Z6: Reporté
Q7: 100 | R7: DETACHES | S7: 100 | T7: N/A | U7: Bureautique
Q8: 103 | R8: DETACHES | S8: 103 | T8: N/A | U8: Divers
Q9: 104 | R9: DETACHES | S9: 104 | T9: N/A
Q10: ADV | R10: ADV | S10: ADV | T10: BR Amandine
Q11: CSC | R11: ALFARESPONSE | S11: CSC | T11: MZ Marie
Q12: DGE | R12: DGE | S12: DGE | T12: MS Guillaume
Q13: ECF | R13: EIE | S13: ECF | T13: PE Sylvain
Q14: EFU | R14: EIE | S14: EFU | T14: DE Pierre
Q15: EMC | R15: PTD CS | S15: EMC | T15: FO Michel
A16: Matricule | B16: Imputation | C16: Nom | D16: Prénom | E16: Sexe | F16: CSP | G16: Age | H16: Ancienneté | I16: Salaire mensuel/forfait | J16: Prime ancienneté | K16: Taux horaire brut | L16: Taux horaire chargé | M16: DVC/NDVC | N16: Manager | Q16: EOE | R16: EIE | S16: EOE | T16: GN Alain
A17: 00102933 | B17: Aub. | C17: AIT HELLAL | D17: YAZID | E17: M | F17: IQPF | G17: 47 | H17: 11 | K17: =+ROUND((+$I17+$J17)/$O$2,2) -> 0 | L17: =+ROUND($K17*(1+$P$2),2) -> 0 | M17: DVC | N17: ALIX | Q17: ERC | R17: EIE | S17: ERC | T17: LE Jean-Pierre
A18: 10521382 | B18: Aub. | C18: ALCALA | D18: ARNAUD | E18: M | F18: ALTERNANT MAINTENANCE AUTOMATISME | G18: 24 | H18: 2 | K18: =+ROUND((+$I18+$J18)/$O$2,2) -> 0 | L18: =+ROUND($K18*(1+$P$2),2) -> 0 | M18: Non DVC | N18: PIFFAUT | Q18: ESE | R18: SANITARY | S18: ESE | T18: CR Laurent
A19: 00103045 | B19: Aub. | C19: ALIX | D19: CLAUDE | E19: M | F19: REF | G19: 51 | H19: 28 | K19: =+ROUND((+$I19+$J19)/$O$2,2) -> 0 | L19: =+ROUND($K19*(1+$P$2),2) -> 0 | M19: Non DVC | N19: CHATAIGNER | Q19: MAG | R19: ADV | S19: MAG | T19: BR Amandine
A20: 00102936 | B20: Aub. | C20: ARNAUDE | D20: EMMANUEL | E20: M | F20: AGENT LOGISTIQUE MULTIFLUX | G20: 43 | H20: 12 | K20: =+ROUND((+$I20+$J20)/$O$2,2) -> 0 | L20: =+ROUND($K20*(1+$P$2),2) -> 0 | M20: DVC | N20: SAVY | Q20: PEE | R20: PTD CS | S20: PEE | T20: MR Pierre-Yves
A21: 00103038 | B21: Aub. | C21: ARNAUDJL | D21: JEAN-LUC | E21: M | F21: TECHNICIEN MAINTENANCE | G21: 52 | H21: 32 | K21: =+ROUND((+$I21+$J21)/$O$2,2) -> 0 | L21: =+ROUND($K21*(1+$P$2),2) -> 0 | M21: DVC | N21: PIFFAUT | Q21: PFT | R21: PTD CS | S21: PFT | T21: DE Ghyslain
A22: 00103021 | B22: Aub. | C22: ARTIGE | D22: JEAN-PIERRE | E22: M | F22: PILOTE TECHNIQUE | G22: 56 | H22: 27 | K22: =+ROUND((+$I22+$J22)/$O$2,2) -> 0 | L22: =+ROUND($K22*(1+$P$2),2) -> 0 | M22: Non DVC | N22: HAON | Q22: PLS | R22: PTD CS | S22: PLS | T22: MT Patrice
A23: 00103070 | B23: Aub. | C23: AUBERT | D23: HERVE | E23: M | F23: MONTEUR | G23: 55 | H23: 35 | K23: =+ROUND((+$I23+$J23)/$O$2,2) -> 0 | L23: =+ROUND($K23*(1+$P$2),2) -> 0 | M23: DVC | N23: SAVY | Q23: PPI | R23: PTD CS | S23: PPI | T23: BT Damien
A24: 00102998 | B24: Aub. | C24: AVOUAC | D24: EMMANUEL | E24: M | F24: ROF Amont | G24: 47 | H24: 23 | K24: =+ROUND((+$I24+$J24)/$O$2,2) -> 0 | L24: =+ROUND($K24*(1+$P$2),2) -> 0 | M24: Non DVC | N24: RICCARDI | Q24: PPS | R24: P&S | S24: PPS | T24: TN Xavier
A25: 00103009 | B25: Aub. | C25: AYGLON | D25: DOMINIQUE | E25: M | F25: MONTEUR | G25: 51 | H25: 11 | K25: =+ROUND((+$I25+$J25)/$O$2,2) -> 0 | L25: =+ROUND($K25*(1+$P$2),2) -> 0 | M25: DVC | N25: ALIX | Q25: REA | R25: Equipe projets | S25: REA | T25: JT Xavier
A26: 00104383 | B26: Aub. | C26: BARBERA | D26: JEREMY | E26: M | F26: IQPF | G26: 37 | H26: 10 | K26: =+ROUND((+$I26+$J26)/$O$2,2) -> 0 | L26: =+ROUND($K26*(1+$P$2),2) -> 0 | M26: DVC | N26: SENEPART | Q26: SAR | R26: SAV | S26: SAR | T26: FS Bernard
A27: 00102944 | B27: Aub. | C27: BAZIZ | D27: DIDINE | E27: M | F27: AGENT LOGISTIQUE MULTIFLUX | G27: 49 | H27: 12 | K27: =+ROUND((+$I27+$J27)/$O$2,2) -> 0 | L27: =+ROUND($K27*(1+$P$2),2) -> 0 | M27: DVC | N27: SAVY | Q27: SCP | R27: Service Center | S27: SCP | T27: DE Olivier
A28: 00103071 | B28: Aub. | C28: BEAUMEL | D28: CLAUDINE | E28: F | F28: VERIFICATEUR | G28: 59 | H28: 35 | K28: =+ROUND((+$I28+$J28)/$O$2,2) -> 0 | L28: =+ROUND($K28*(1+$P$2),2) -> 0 | M28: DVC | N28: FUENTES
A29: 00102925 | B29: Aub. | C29: BENCHEIKH | D29: MOHAMMED | E29: M | F29: CONTROLEUR/CONDUCTEUR | G29: 52 | H29: 12 | K29: =+ROUND((+$I29+$J29)/$O$2,2) -> 0 | L29: =+ROUND($K29*(1+$P$2),2) -> 0 | M29: DVC | N29: SENEPART
A30: 00102971 | B30: Aub. | C30: BLACHON | D30: HENRI | E30: M | F30: CONTROLEUR | G30: 52 | H30: 17 | K30: =+ROUND((+$I30+$J30)/$O$2,2) -> 0 | L30: =+ROUND($K30*(1+$P$2),2) -> 0 | M30: DVC | N30: ALIX
A31: 00103085 | B31: Aub. | C31: BLAYE | D31: MICHEL | E31: M | F31: AGENT LOGISTIQUE MULTIFLUX | G31: 57 | H31: 35 | K31: =+ROUND((+$I31+$J31)/$O$2,2) -> 0 | L31: =+ROUND($K31*(1+$P$2),2) -> 0 | M31: DVC | N31: SAVY
A32: 00102961 | B32: Aub. | C32: BONJOUR | D32: DOMINIQUE | E32: M | F32: ANIMATEUR | G32: 53 | H32: 13 | K32: =+ROUND((+$I32+$J32)/$O$2,2) -> 0 | L32: =+ROUND($K32*(1+$P$2),2) -> 0 | M32: DVC | N32: ALIX
A33: 00103028 | B33: Aub. | C33: BONNEFOY | D33: DANIEL | E33: M | F33: CONTROLEUR/CONDUCTEUR | G33: 52 | H33: 27 | K33: =+ROUND((+$I33+$J33)/$O$2,2) -> 0 | L33: =+ROUND($K33*(1+$P$2),2) -> 0 | M33: DVC | N33: ALIX
A34: 00093558 | B34: Aub. | C34: Borisjuks | D34: Dmitrijs | E34: M | F34: Material Productivity Leader (MPL) | G34: 41 | H34: 0 | K34: =+ROUND((+$I34+$J34)/$O$2,2) -> 0 | L34: =+ROUND($K34*(1+$P$2),2) -> 0 | M34: Non DVC | N34: CHATAIGNER
A35: 00102987 | B35: Aub. | C35: BOUCHIER | D35: DIMITRI | E35: M | F35: CONTROLEUR/CONDUCTEUR | G35: 42 | H35: 18 | K35: =+ROUND((+$I35+$J35)/$O$2,2) -> 0 | L35: =+ROUND($K35*(1+$P$2),2) -> 0 | M35: DVC | N35: ALIX
A36: 00102920 | B36: Aub. | C36: BOUDIER | D36: EDDY | E36: M | F36: TECHNICIEN MAINTENANCE | G36: 41 | H36: 10 | K36: =+ROUND((+$I36+$J36)/$O$2,2) -> 0 | L36: =+ROUND($K36*(1+$P$2),2) -> 0 | M36: DVC | N36: PIFFAUT
A37: 00102921 | B37: Aub. | C37: BOULOGNE | D37: LAURENT | E37: M | F37: IQPF | G37: 49 | H37: 10 | K37: =+ROUND((+$I37+$J37)/$O$2,2) -> 0 | L37: =+ROUND($K37*(1+$P$2),2) -> 0 | M37: DVC | N37: SENEPART
A38: 00103039 | B38: Aub. | C38: BRANJONNEAU | D38: DIDIER | E38: M | F38: CONTROLEUR/CONDUCTEUR | G38: 55 | H38: 32 | K38: =+ROUND((+$I38+$J38)/$O$2,2) -> 0 | L38: =+ROUND($K38*(1+$P$2),2) -> 0 | M38: DVC | N38: SENEPART
A39: 00115869 | B39: Aub. | C39: BRUNEL | D39: XAVIER | E39: M | F39: MONTEUR | G39: 39 | H39: 10 | K39: =+ROUND((+$I39+$J39)/$O$2,2) -> 0 | L39: =+ROUND($K39*(1+$P$2),2) -> 0 | M39: DVC | N39: ALIX
... A54: 00102968 | B54: Aub. | C54: DARCY | D54: CHRISTIAN | E54: M | F54: CONTROLEUR | G54: 55 | H54: 17 | K54: =+ROUND((+$I54+$J54)/$O$2,2) -> 0 | L54: =+ROUND($K54*(1+$P$2),2) -> 0 | M54: DVC | N54: ALIX
A55: 00011655 | B55: Aub. | C55: DARDARE | D55: OLIVIER | E55: M | F55: RESP QUALITE SERE | G55: 57 | H55: =VLOOKUP(C55,DATA!A:S,6,FALSE) -> 0 | K55: =+ROUND((+$I55+$J55)/$O$2,2) -> 0 | L55: =+ROUND($K55*(1+$P$2),2) -> 0 | M55: Non DVC | N55: CHATAIGNER
A56: 00103012 | B56: Aub. | C56: DE BESSE | D56: THIERRY | E56: M | F56: MONTEUR | G56: 56 | H56: =VLOOKUP(C56,DATA!A:S,6,FALSE) -> 25 | K56: =+ROUND((+$I56+$J56)/$O$2,2) -> 0 | L56: =+ROUND($K56*(1+$P$2),2) -> 0 | M56: DVC | N56: SENEPART
A57: 00102973 | B57: Aub. | C57: DESCHAUX | D57: LAURENT | E57: M | F57: MONTEUR | G57: 51 | H57: =VLOOKUP(C57,DATA!A:S,6,FALSE) -> 17 | K57: =+ROUND((+$I57+$J57)/$O$2,2) -> 0 | L57: =+ROUND($K57*(1+$P$2),2) -> 0 | M57: DVC | N57: SENEPART
A58: 00068142 | B58: Aub. | C58: DUBREUIL | D58: Nicolas | E58: M | F58: ASSURENCE QUALITE FOURNISSEUR | G58: 33 | H58: =VLOOKUP(C58,DATA!A:S,6,FALSE) -> 0 | K58: =+ROUND((+$I58+$J58)/$O$2,2) -> 0 | L58: =+ROUND($K58*(1+$P$2),2) -> 0 | M58: Non DVC | N58: DARDARE
A59: 00103003 | B59: Aub. | C59: DUCROS | D59: REMI | E59: M | F59: AGENT LOGISTIQUE MULTIFLUX | G59: 55 | H59: =VLOOKUP(C59,DATA!A:S,6,FALSE) -> 20 | K59: =+ROUND((+$I59+$J59)/$O$2,2) -> 0 | L59: =+ROUND($K59*(1+$P$2),2) -> 0 | M59: DVC | N59: SAVY
A60: 00103074 | B60: Aub. | C60: DUNY | D60: GILLES | E60: M | F60: ADJOINT DE GESTION | G60: 56 | H60: =VLOOKUP(C60,DATA!A:S,6,FALSE) -> 35 | K60: =+ROUND((+$I60+$J60)/$O$2,2) -> 0 | L60: =+ROUND($K60*(1+$P$2),2) -> 0 | M60: Non DVC | N60: FELDER
A61: 00102984 | B61: Aub. | C61: DUPLAN | D61: JEROME | E61: M | F61: IQPF | G61: 42 | H61: =VLOOKUP(C61,DATA!A:S,6,FALSE) -> 19 | K61: =+ROUND((+$I61+$J61)/$O$2,2) -> 0 | L61: =+ROUND($K61*(1+$P$2),2) -> 0 | M61: DVC | N61: SENEPART
A62: 00102981 | B62: Aub. | C62: DURAND | D62: GUY | E62: M | F62: ANIMATEUR | G62: 51 | H62: =VLOOKUP(C62,DATA!A:S,6,FALSE) -> 20 | K62: =+ROUND((+$I62+$J62)/$O$2,2) -> 0 | L62: =+ROUND($K62*(1+$P$2),2) -> 0 | M62: DVC | N62: ALIX
A63: 00102983 | B63: Aub. | C63: DURIEU | D63: MICHEL | E63: M | F63: Assureur Qualite Produit Process | G63: 42 | H63: =VLOOKUP(C63,DATA!A:S,6,FALSE) -> 18 | K63: =+ROUND((+$I63+$J63)/$O$2,2) -> 0 | L63: =+ROUND($K63*(1+$P$2),2) -> 0 | M63: Non DVC | N63: DARDARE
A64: 00103061 | B64: Aub. | C64: ESCLANGON | D64: FREDERIC | E64: M | F64: AGENT LOGISTIQUE MULTIFLUX | G64: 55 | H64: =VLOOKUP(C64,DATA!A:S,6,FALSE) -> 33 | K64: =+ROUND((+$I64+$J64)/$O$2,2) -> 0 | L64: =+ROUND($K64*(1+$P$2),2) -> 0 | M64: DVC | N64: SAVY
A65: 00102990 | B65: Aub. | C65: ESTEBAN | D65: MANUEL | E65: M | F65: IQPF | G65: 42 | H65: =VLOOKUP(C65,DATA!A:S,6,FALSE) -> 18 | K65: =+ROUND((+$I65+$J65)/$O$2,2) -> 0 | L65: =+ROUND($K65*(1+$P$2),2) -> 0 | M65: DVC | N65: ALIX
A66: 00103056 | B66: Aub. | C66: ETIENNE | D66: PATRICK | E66: M | F66: GESTIONNAIRE OUTILLAGE ETALONNAGE | G66: 53 | H66: =VLOOKUP(C66,DATA!A:S,6,FALSE) -> 34 | K66: =+ROUND((+$I66+$J66)/$O$2,2) -> 0 | L66: =+ROUND($K66*(1+$P$2),2) -> 0 | M66: DVC | N66: PIFFAUT
... A154: 00102994 | B154: Aub. | C154: ZAGAR | D154: SABINE | E154: F | F154: RESP GESTION DE SITE | G154: 47 | H154: =VLOOKUP(C154,DATA!A:S,6,FALSE) -> 24 | K154: =+ROUND((+$I154+$J154)/$O$2,2) -> 0 | L154: =+ROUND($K154*(1+$P$2),2) -> 0 | M154: Non DVC | N154: CHATAIGNER
A155: 00102946 | B155: Aub. | C155: ZAMORA | D155: JEAN-LUC | E155: M | F155: CONTROLEUR/CONDUCTEUR | G155: 60 | M155: DVC | N155: SENEPART
A156: 00068323 | B156: Lattes | C156: POINT | D156: Laurence | E156: F | F156: OPERATEUR POLYVALENT | G156: 37 | M156: DVC | N156: VERNE
A157: 00069157 | B157: Lattes | C157: JACKEL | D157: Ludovic | E157: M | F157: Responsable Technique (Maint/Meth/Ant Tech) | G157: 36 | M157: Non DVC | N157: VERNE
A158: 00104645 | B158: Lattes | C158: LAURENT | D158: Jean-Pierre | E158: M | F158: Technicien Maintenance | G158: 57 | M158: DVC | N158: JACKEL
A159: 00136713 | B159: Lattes | C159: VERNE | D159: PATRICK | E159: M | F159: RESPONSABLE SITE LATTES | G159: 55 | M159: Non DVC | N159: CHATAIGNER
A160: 00190953 | B160: Lattes | C160: GASCARD | D160: Olivier | E160: M | F160: METHODISTE/ANT TECHNIQUE | G160: 46 | M160: Non DVC | N160: VERNE
A161: 00190978 | B161: Lattes | C161: WAGON | D161: Jean-Paul | E161: M | F161: Agent logistique | G161: 53 | M161: DVC | N161: VERNE
A162: 00191040 | B162: Lattes | C162: RGOUAI | D162: Mohamed | E162: M | F162: Pilote traitement surface | G162: 46 | M162: DVC | N162: VERNE
A163: 00191166 | B163: Lattes | C163: BONAFOUS | D163: Amandine | E163: F | F163: Animateur QEHS Usine | G163: 34 | M163: Non DVC | N163: VERNE
A164: 00191202 | B164: Lattes | C164: RUGGIERO | D164: Christian | E164: M | F164: TECHNICIEN MAINTENANCE | G164: 55 | M164: DVC | N164: JACKEL
A165: 00191229 | B165: Lattes | C165: HIPPOLITE | D165: Ludovic | E165: M | F165: ANIMATEUR | G165: 47 | M165: DVC | N165: VERNE
A166: 00191283 | B166: Lattes | C166: AUJOUR | D166: Olivier | E166: M | F166: OPERATEUR POLYVALENT | G166: 52 | M166: DVC | N166: VERNE
... A251: 00288570 | B251: STG | C251: ZAYOUT | D251: LARBI | E251: M | F251: MOULEUR REFERENT | G251: 43 | M251: DVC | N251: XUEREB

Sheet DATA
A1: Nom de famille | B1: Prénom | C1: Matricule | D1: Nom du manager | E1: Nom de la société | F1: Nombre d'années d'ancienneté dans la société | G1: Definition du costing : DVC ou non DVC | H1: Code du CE (Actuellement vide) | I1: Job code | J1: Description du job code | K1: code function + description | L1: Business title | M1: Classification de l'employé | N1: Date de début de contrat | O1: Age | P1: Sexe | Q1: N° de sécurité sociale | R1: French category code | S1: Description de la categorie | T1: grade ou groupe de poste
A2: AIT HELLAL | B2: Yazid | C2: 102933 | D2: ALIX | E2: Aub. | F2: 11 | G2: DVC | H2: 9F16 | I2: IAB2 | J2: Manufacturing M-Skilled Worker | K2: B2 - Multi-skilled Operator | L2: IQPF | M2: Operator | N2: 39052 | O2: 47 | P2: M | Q2: 171050701904416 | R2: 215 | S2: Niveau III Echelon 1 Coeff 215 | T2: GDP09
A3: ALCALA | B3: Arnaud | C3: 10521382 | D3: PIFFAUT | E3: Aub. | F3: 2 | G3: Non DVC | H3: 9F16 | I3: IIT3 | J3: Maintenance Engineering | K3: T3 - Technical Team Leader | L3: ALTERNANT MAINTENANCE AUTOMATISME | M3: Clerical Worker | N3: 42618 | O3: 24 | P3: M | Q3: 194093417250956 | T3: NA
A4: ALIX | B4: Claude | C4: 103045 | D4: CHATAIGNER | E4: Aub. | F4: 28 | G4: Non DVC | H4: 9F16 | I4: IAB5 | J4: Manufacturing Supervision | K4: B5 - Operations Manager | L4: REF | M4: Supervisor | N4: 32944 | O4: 51 | P4: M | Q4: 167094313506571 | R4: 365 | S4: Niveau V Echelon 3 Coeff 365 | T4: GDP17
A5: ALVES | B5: Paolo | C5: 104634 | D5: XUEREB | E5: STG | F5: 10 | G5: DVC | H5: 9F11 | I5: IAB3 | J5: Manufacturing Team LeaderShip | K5: B3 - Operations Team-Leader | L5: ANIMATEUR | M5: Operator | N5: 39448 | O5: 41 | P5: M | Q5: 177023833701395 | R5: 240 | S5: Niveau III Echelon 3 Coeff 240 | T5: GDP12
A6: ARNAUD JOUFFREY | B6: Jean-Marc | C6: 104692 | D6: XUEREB | E6: STG | F6: 10 | G6: DVC | H6: 9F11 | I6: IAB2 | J6: Manufacturing M-Skilled Worker | K6: B2 - Multi-skilled Operator | L6: OP EQUIP AUTOMATIS | M6: Operator | N6: 39448 | O6: 57 | P6: M | Q6: 161073851715474 | R6: 190 | S6: Niveau II Echelon 3 Coeff 190 | T6: GDP09
A7: ARNAUDE | B7: Emmanuel | C7: 102936 | D7: SAVY | E7: Aub. | F7: 12 | G7: DVC | H7: 9F16 | I7: LWB2 | J7: Warehouse Multi-skilled Operat | K7: B2 - Multi-skilled Operator | L7: AGENT LOGISTIQUE MULTIFLUX | M7: Operator | N7: 38733 | O7: 43 | P7: M | Q7: 175040701901923 | R7: 215 | S7: Niveau III Echelon 1 Coeff 215 | T7: GDP08
A8: ARNAUDJL | B8: Jean-Luc | C8: 103038 | D8: PIFFAUT | E8: Aub. | F8: 32 | G8: DVC | H8: 9F16 | I8: IIT2 | J8: Maintenance Operations | K8: T2 - Technical Employee | L8: TECHNICIEN MAINTENANCE | M8: Operator | N8: 31503 | O8: 52 | P8: M | Q8: 166060701936751 | R8: 240 | S8: Niveau III Echelon 3 Coeff 240 | T8: GDP11
A9: ARTIGE | B9: Jean-Pierre | C9: 103021 | D9: HAON | E9: Aub. | F9: 27 | G9: Non DVC | H9: 9F16 | I9: TIT4 | J9: Multi Technologies, Design Engineer | K9: T4 - Technical Engineer | L9: PILOTE TECHNIQUE | M9: Technician | N9: 33266 | O9: 56 | P9: M | Q9: 162010701904207 | R9: 305 | S9: Niveau V Echelon 1 Coeff 305 | T9: GDP15
A10: AUBERT | B10: Herve | C10: 103070 | D10: SAVY | E10: Aub. | F10: 35 | G10: DVC | H10: 9F16 | I10: IAB2 | J10: Manufacturing M-Skilled Worker | K10: B2 - Multi-skilled Operator | L10: MONTEUR | M10: Operator | N10: 30518 | O10: 55 | P10: M | Q10: 163020701909716 | R10: 190 | S10: Niveau II Echelon 3 Coeff 190 | T10: GDP07
A11: AUJOUR | B11: Olivier | C11: 191283 | D11: VERNE | E11: Lattes | F11: 10 | G11: DVC | H11: 9F40 | I11: IAB2 | J11: Manufacturing M-Skilled Worker | K11: B2 - Multi-skilled Operator | L11: OPERATEUR POLYVALENT | M11: Operator | N11: 39417 | O11: 52 | P11: M | Q11: 165128106505441 | R11: 240 | S11: Niveau III Echelon 3 Coeff 240 | T11: GDP08
A12: AVOUAC | B12: Emmanuel | C12: 102998 | D12: RICCARDI | E12: Aub. | F12: 23 | G12: Non DVC | H12: 9F16 | I12: KFF5 | J12: Upstream Planning Manager | K12: F5 - Functional Specialist Manager | L12: ROF Amont | M12: Supervisor | N12: 34820 | O12: 47 | P12: M | Q12: 171030701906461 | R12: 365 | S12: Niveau V Echelon 3 Coeff 365 | T12: GDP17
A13: AYGLON | B13: Dominique | C13: 103009 | D13: ALIX | E13: Aub. | F13: 11 | G13: DVC | H13: 9F16 | I13: IAB2 | J13: Manufacturing M-Skilled Worker | K13: B2 - Multi-skilled Operator | L13: MONTEUR | M13: Operator | N13: 39326 | O13: 51 | P13: M | Q13: 167056914923276 | R13: 170 | S13: Niveau II Echelon 1 Coeff 170 | T13: GDP07
A14: BAJAT | B14: Denis | C14: 104640 | D14: FOUASSIER | E14: STG | F14: 10 | G14: DVC | H14: 9F11 | I14: LWB2 | J14: Warehouse Multi-skilled Operat | K14: B2 - Multi-skilled Operator | L14: MANUTENTIO/CARISTE | M14: Operator | N14: 39448 | O14: 57 | P14: M | Q14: 161063834702252 | R14: 225 | S14: Niveau III Echelon 2 Coeff 225 | T14: GDP09
A15: BARAZZUTTI | B15: Lionel | C15: 104628 | D15: XUEREB | E15: STG | F15: 10 | G15: DVC | H15: 9F11 | I15: IAB3 | J15: Manufacturing Team LeaderShip | K15: B3 - Operations Team-Leader | L15: ANIMATEUR | M15: Operator | N15: 39448 | O15: 45 | P15: M | Q15: 173033851703229 | R15: 255 | S15: Niveau IV Echelon 1 Coeff 255 | T15: GDP12
... A22: BENCHEIKH | B22: Mohammed | C22: 102925 | D22: SENEPART | E22: Aub. | F22: 12 | G22: DVC | H22: 9F16 | I22: IAB2 | J22: Manufacturing M-Skilled Worker | K22: B2 - Multi-skilled Operator | L22: CONTROLEUR/CONDUCTEUR | M22: Operator | N22: 38961 | O22: 52 | P22: M | Q22: 165119935085582 | R22: 215 | S22: Niveau III Echelon 1 Coeff 215 | T22: GDP08
A23: BERTIN CASTELLAN | B23: Doryan | C23: 10586221 | D23: JACKEL | E23: Lattes | F23: 1 | G23: Non DVC | H23: 9F40 | I23: IST4 | J23: Indus & Manufact Engineering | K23: T4 - Technical Engineer | L23: ALTERNANT TECHNICIEN METHODES | M23: Clerical Worker | N23: 43010 | O23: 22 | P23: M | Q23: 196096116925558 | T23: NA
A24: BIGOTIERE | B24: Jean-Charles | C24: 191507 | D24: VERNE | E24: Lattes | F24: 27 | G24: Non DVC | H24: 9F40 | I24: IST3 | J24: Indus/Manufact. Engineer Spec | K24: T3 - Technical Team Leader | L24: Technicien Methodes | M24: Technician | N24: 33482 | O24: 49 | P24: M | Q24: 169103430102050 | R24: 270 | S24: Niveau IV Echelon 2 Coeff 270 | T24: GDP13
A25: BLACHON | B25: Henri | C25: 102971 | D25: ALIX | E25: Aub. | F25: 17 | G25: DVC | H25: 9F16 | I25: IAB2 | J25: Manufacturing M-Skilled Worker | K25: B2 - Multi-skilled Operator | L25: CONTROLEUR | M25: Operator | N25: 36998 | O25: 52 | P25: M | Q25: 166034209520247 | R25: 190 | S25: Niveau II Echelon 3 Coeff 190 | T25: GDP08
A26: BLAYE | B26: Michel | C26: 103085 | D26: SAVY | E26: Aub. | F26: 35 | G26: DVC | H26: 9F16 | I26: LWB2 | J26: Warehouse Multi-skilled Operat | K26: B2 - Multi-skilled Operator | L26: AGENT LOGISTIQUE MULTIFLUX | M26: Operator | N26: 30284 | O26: 57 | P26: M | Q26: 161080710700191 | R26: 215 | S26: Niveau III Echelon 1 Coeff 215 | T26: GDP08
A27: BOISSON MENUEL | B27: Bertrand | C27: 10559278 | D27: XUEREB | E27: STG | F27: 1 | G27: DVC | H27: 9F11 | I27: IAB2 | J27: Manufacturing M-Skilled Worker | K27: B2 - Multi-skilled Operator | L27: MOULEUR REFERENT | M27: Operator | N27: 42795 | O27: 35 | P27: M | Q27: 183083833703173 | R27: 190 | S27: Niveau II Echelon 3 Coeff 190 | T27: GDP09
A28: BONAFOUS | B28: Amandine | C28: 191166 | D28: VERNE | E28: Lattes | F28: 10 | G28: Non DVC | H28: 9F40 | I28: QAT4 | J28: Manuf/LogisticsQualityAssurEng | K28: T4 - Technical Engineer | L28: Animateur QEHS Usine | M28: Manager & Engineer | N28: 39716 | O28: 34 | P28: F | Q28: 283118313720625 | R28: P2_120 | S28: Ing Position II - Indice 120 | T28: 7
A29: BONJOUR | B29: Dominique | C29: 102961 | D29: ALIX | E29: Aub. | F29: 13 | G29: DVC | H29: 9F16 | I29: IAB3 | J29: Manufacturing Team LeaderShip | K29: B3 - Operations Team-Leader | L29: ANIMATEUR | M29: Operator | N29: 38657 | O29: 53 | P29: M | Q29: 165075123004994 | R29: 255 | S29: Niveau IV Echelon 1 Coeff 255 | T29: GDP11
A30: BONNEFOY | B30: Daniel | C30: 103028 | D30: ALIX | E30: Aub. | F30: 27 | G30: DVC | H30: 9F16 | I30: IAB2 | J30: Manufacturing M-Skilled Worker | K30: B2 - Multi-skilled Operator | L30: CONTROLEUR/CONDUCTEUR | M30: Operator | N30: 33392 | O30: 52 | P30: M | Q30: 166070701944091 | R30: 190 | S30: Niveau II Echelon 3 Coeff 190 | T30: GDP08
A31: BONNEL | B31: Anne | C31: 192053 | D31: VERNE | E31: Lattes | F31: 27 | G31: DVC | H31: 9F40 | I31: IAB2 | J31: Manufacturing M-Skilled Worker | K31: B2 - Multi-skilled Operator | L31: OPERATEUR POLYVALENT | M31: Operator | N31: 33330 | O31: 59 | P31: F | Q31: 259073417214021 | R31: 190 | S31: Niveau II Echelon 3 Coeff 190 | T31: GDP08
A32: Borisjuks | B32: Dmitrijs | C32: 93558 | D32: CHATAIGNER | E32: Aub. | F32: 0 | G32: Non DVC | H32: 9F16 | I32: IMP5 | J32: Industrial Project Management | K32: P5 - Project Manager | L32: Material Productivity Leader (MPL) | M32: Manager & Engineer | N32: 43252 | O32: 41 | P32: M | Q32: 177099910700239 | R32: P2_120 | S32: Ing Position II - Indice 120 | T32: 7
A33: BOUCHIER | B33: Dimitri | C33: 102987 | D33: ALIX | E33: Aub. | F33: 18 | G33: DVC | H33: 9F16 | I33: IAB2 | J33: Manufacturing M-Skilled Worker | K33: B2 - Multi-skilled Operator | L33: CONTROLEUR/CONDUCTEUR | M33: Operator | N33: 36648 | O33: 42 | P33: M | Q33: 176090701904231 | R33: 215 | S33: Niveau III Echelon 1 Coeff 215 | T33: GDP08
A34: BOUDIER | B34: Eddy | C34: 102920 | D34: PIFFAUT | E34: Aub. | F34: 10 | G34: DVC | H34: 9F16 | I34: IIT2 | J34: Maintenance Operations | K34: T2 - Technical Employee | L34: TECHNICIEN MAINTENANCE | M34: Operator | N34: 39412 | O34: 41 | P34: M | Q34: 176112123118074 | R34: 225 | S34: Niveau III Echelon 2 Coeff 225 | T34: GDP11
A35: BOULOGNE | B35: Laurent | C35: 102921 | D35: SENEPART | E35: Aub. | F35: 10 | G35: DVC | H35: 9F16 | I35: IAB2 | J35: Manufacturing M-Skilled Worker | K35: B2 - Multi-skilled Operator | L35: IQPF | M35: Operator | N35: 39412 | O35: 49 | P35: M | Q35: 169086220412035 | R35: 215 | S35: Niveau III Echelon 1 Coeff 215 | T35: GDP09
A36: BOUQUET | B36: David | C36: 104646 | D36: XUEREB | E36: STG | F36: 10 | G36: DVC | H36: 9F11 | I36: IAB3 | J36: Manufacturing Team LeaderShip | K36: B3 - Operations Team-Leader | L36: ANIMATEUR | M36: Operator | N36: 39448 | O36: 47 | P36: M | Q36: 171073856303569 | R36: 255 | S36: Niveau IV Echelon 1 Coeff 255 | T36: GDP12
A37: BRANJONNEAU | B37: Didier | C37: 103039 | D37: SENEPART | E37: Aub. | F37: 32 | G37: DVC | H37: 9F16 | I37: IAB2 | J37: Manufacturing M-Skilled Worker | K37: B2 - Multi-skilled Operator | L37: CONTROLEUR/CONDUCTEUR | M37: Operator | N37: 31503 | O37: 55 | P37: M | Q37: 163107817404333 | R37: 215 | S37: Niveau III Echelon 1 Coeff 215 | T37: GDP08
A38: BRISARD | B38: Simon | C38: 10559261 | D38: XUEREB | E38: STG | F38: 1 | G38: DVC | H38: 9F11 | I38: IAB2 | J38: Manufacturing M-Skilled Worker | K38: B2 - Multi-skilled Operator | L38: Mouleur Referent | M38: Operator | N38: 42795 | O38: 33 | P38: M | Q38: 185083818502975 | R38: 190 | S38: Niveau II Echelon 3 Coeff 190 | T38: GDP09
A39: BRUN | B39: Christian | C39: 104658 | D39: FOUASSIER | E39: STG | F39: 10 | G39: DVC | H39: 9F11 | I39: LWB1 | J39: Warehouse Operations | K39: B1 - Operator | L39: OP EQUIP AUTOMATIS | M39: Operator | N39: 39448 | O39: 52 | P39: M | Q39: 166033851711102 | R39: 190 | S39: Niveau II Echelon 3 Coeff 190 | T39: GDP09
A40: BRUNEL | B40: Xavier | C40: 115869 | D40: ALIX | E40: Aub. | F40: 10 | G40: DVC | H40: 9F16 | I40: IAB2 | J40: Manufacturing M-Skilled Worker | K40: B2 - Multi-skilled Operator | L40: MONTEUR | M40: Operator | N40: 39630 | O40: 39 | P40: M | Q40: 179020701905946 | R40: 190 | S40: Niveau II Echelon 3 Coeff 190 | T40: GDP07
A41: BUISSON | B41: Florian | C41: 104784 | D41: FOUASSIER | E41: STG | F41: 10 | G41: DVC | H41: 9F11 | I41: IIT5 | J41: Maintenance Supervision | K41: T5 - Technical Senior Engineer | L41: RESPONSABLE MAINTENANCE | M41: Technician | N41: 40848 | O41: 33 | P41: M | Q41: 185033851608302 | R41: 335 | S41: Niveau V Echelon 2 Coeff 335 | T41: GDP16
A42: BUNEL | B42: Stephane | C42: 135347 | D42: XUEREB | E42: STG | F42: 26 | G42: DVC | H42: 9F11 | I42: IAB2 | J42: Manufacturing M-Skilled Worker | K42: B2 - Multi-skilled Operator | L42: Operateur Mouleur | M42: Operator | N42: 41852 | O42: 52 | P42: M | Q42: 165123324310421 | R42: 190 | S42: Niveau II Echelon 3 Coeff 190 | T42: GDP09
A43: CABANE | B43: Sylvie | C43: 191775 | D43: VERNE | E43: Lattes | F43: 31 | G43: DVC | H43: 9F40 | I43: IAB2 | J43: Manufacturing M-Skilled Worker | K43: B2 - Multi-skilled Operator | L43: OPERATEUR POLYVALENT | M43: Operator | N43: 31888 | O43: 53 | P43: F | Q43: 265063417203114 | R43: 215 | S43: Niveau III Echelon 1 Coeff 215 | T43: GDP08
A44: CAIANI | B44: Alexandre | C44: 66339 | D44: FOUASSIER | E44: STG | F44: 0 | G44: Non DVC | I44: IST5 | J44: Indus/Manufact Senior Engine | K44: T5 - Technical Senior Engineer | L44: RESPONSABLE METHODES | M44: Manager & Engineer | N44: 43435 | O44: 46 | P44: M | R44: P2_114 | S44: Ing Position II - Indice 114 | T44: 7
A45: CATALA | B45: Claire | C45: 10628039 | D45: BONAFOUS | E45: Lattes | F45: 0 | G45: Non DVC | I45: QAT4 | J45: Manuf/LogisticsQualityAssurEng | K45: T4 - Technical Engineer | L45: ALTERNANT QHS | M45: Clerical Worker | N45: 43367 | O45: 23 | P45: F | Q45: 295109406725313 | T45: NA
A46: CEYSSON | B46: Frederic | C46: 102965 | D46: SAVY | E46: Aub. | F46: 17 | G46: DVC | H46: 9F16 | I46: LWB1 | J46: Warehouse Operations | K46: B1 - Operator | L46: AGENT LOGISTIQUE MULTIFLUX | M46: Operator | N46: 36941 | O46: 41 | P46: M | Q46: 177080701903372 | R46: 215 | S46: Niveau III Echelon 1 Coeff 215 | T46: GDP08
A47: CHABERT | B47: Stephane | C47: 103027 | D47: SENEPART | E47: Aub. | F47: 27 | G47: DVC | H47: 9F16 | I47: IAB3 | J47: Manufacturing Team LeaderShip | K47: B3 - Operations Team-Leader | L47: ANIMATEUR | M47: Operator | N47: 33379 | O47: 50 | P47: M | Q47: 168040701927711 | R47: 255 | S47: Niveau IV Echelon 1 Coeff 255 | T47: GDP11
A48: CHAL | B48: Loic | C48: 115872 | D48: ALIX | E48: Aub. | F48: 10 | G48: DVC | H48: 9F16 | I48: IAB2 | J48: Manufacturing M-Skilled Worker | K48: B2 - Multi-skilled Operator | L48: MONTEUR | M48: Operator | N48: 39630 | O48: 37 | P48: M | Q48: 180110710204293 | R48: 215 | S48: Niveau III Echelon 1 Coeff 215 | T48: GDP09
A49: CHAMBON | B49: Patrick | C49: 102966 | D49: ALIX | E49: Aub. | F49: 17 | G49: DVC | H49: 9F16 | I49: IAB2 | J49: Manufacturing M-Skilled Worker | K49: B2 - Multi-skilled Operator | L49: CONTROLEUR | M49: Operator | N49: 36941 | O49: 53 | P49: M | Q49: 165050701936091 | R49: 215 | S49: Niveau III Echelon 1 Coeff 215 | T49: GDP08
A50: CHAMBONNET | B50: Patrice | C50: 103022 | D50: DARDARE | E50: Aub. | F50: 27 | G50: Non DVC | H50: 9F16 | I50: UMF4 | J50: Facility Engineer | K50: F4 - Functional Specialist Officer | L50: METHODISTE PROJET PRODUIT PROCESS | M50: Supervisor | N50: 33270 | O50: 52 | P50: M | Q50: 166030701919281 | R50: 335 | S50: Niveau V Echelon 2 Coeff 335 | T50: GDP15
A51: CHANIOL | B51: Serge | C51: 103062 | D51: SENEPART | E51: Aub. | F51: 35 | G51: DVC | H51: 9F16 | I51: IAB2 | J51: Manufacturing M-Skilled Worker | K51: B2 - Multi-skilled Operator | L51: IQPF | M51: Operator | N51: 30294 | O51: 55 | P51: M | Q51: 163080701945050 | R51: 215 | S51: Niveau III Echelon 1 Coeff 215 | T51: GDP09
A52: CHAREYRE | B52: Olivier | C52: 103026 | D52: FUENTES | E52: Aub. | F52: 27 | G52: DVC | H52: 9F16 | I52: QCS2 | J52: Quality Control Multi Skilled | K52: S2 - Support multi skilled clerk | L52: VERIFICATEUR | M52: Technician | N52: 33359 | O52: 51 | P52: M | Q52: 166110733008111 | R52: 240 | S52: Niveau III Echelon 3 Coeff 240 | T52: GDP11
A53: CHATAIGNER | B53: Stephane | C53: 190922 | D53: BRUN | E53: STG | F53: 0 | G53: Non DVC | H53: 9F11 | I53: IAB6 | J53: Manufacturing Operations Mgt | K53: B6 - Operations Manager/Unit | L53: PLANT MANAGER SEA | M53: Manager & Engineer | N53: 43282 | O53: 48 | P53: M | Q53: 170037221600174 | R53: 3A_135 | S53: Ing Position IIIA - Indice 135 | T53: 10
A54: CHENAVAS | B54: Franck | C54: 104625 | D54: XUEREB | E54: STG | F54: 10 | G54: DVC | H54: 9F11 | I54: IAB3 | J54: Manufacturing Team LeaderShip | K54: B3 - Operations Team-Leader | L54: ANIMATEUR | M54: Operator | N54: 39448 | O54: 47 | P54: M | Q54: 171013851704087 | R54: 255 | S54: Niveau IV Echelon 1 Coeff 255 | T54: GDP12
A55: CHENAVIER | B55: Patrick | C55: 104649 | D55: BUISSON | E55: STG | F55: 10 | G55: DVC | H55: 9F11 | I55: IIT2 | J55: Maintenance Operations | K55: T2 - Technical Employee | L55: AG.MAINT.MULTIPLES | M55: Operator | N55: 39448 | O55: 50 | P55: M | Q55: 168013805311712 | R55: 240 | S55: Niveau III Echelon 3 Coeff 240 | T55: GDP12
A56: CHOMBART | B56: Francois | C56: 102960 | D56: HAON | E56: Aub. | F56: 13 | G56: Non DVC | H56: 9F16 | I56: TIT4 | J56: Multi Technologies, Design Engineer | K56: T4 - Technical Engineer | L56: PILOTE TECHNIQUE | M56: Technician | N56: 38596 | O56: 52 | P56: M | Q56: 166087401009973 | R56: 335 | S56: Niveau V Echelon 2 Coeff 335 | T56: GDP15
A57: CLAVEL | B57: Jerome | C57: 191743 | D57: VERNE | E57: Lattes | F57: 11 | G57: DVC | H57: 9F40 | I57: IAB2 | J57: Manufacturing M-Skilled Worker | K57: B2 - Multi-skilled Operator | L57: OPERATEUR POLYVALENT | M57: Operator | N57: 39085 | O57: 45 | P57: M | Q57: 173073417240095 | R57: 240 | S57: Niveau III Echelon 3 Coeff 240 | T57: GDP08
A58: COMBE | B58: Dominique | C58: 104664 | D58: XUEREB | E58: STG | F58: 10 | G58: DVC | H58: 9F11 | I58: IAB2 | J58: Manufacturing M-Skilled Worker | K58: B2 - Multi-skilled Operator | L58: OP EQUIP AUTOMATIS | M58: Operator | N58: 39448 | O58: 50 | P58: M | Q58: 168033851710012 | R58: 225 | S58: Niveau III Echelon 2 Coeff 225 | T58: GDP10
A59: COPPOLA | B59: Sebastien | C59: 332168 | D59: BUISSON | E59: STG | F59: 3 | G59: DVC | H59: 9F11 | I59: IIT2 | J59: Maintenance Operations | K59: T2 - Technical Employee | L59: TECHNICIEN MAINTENANCE | M59: Technician | N59: 42186 | O59: 35 | P59: M | Q59: 183053851612194 | R59: 285 | S59: Niveau IV Echelon 3 Coeff 285 | T59: GDP12
A60: CORTADA | B60: Jimmy | C60: 10625862 | D60: FELDER | E60: Aub. | F60: 0 | G60: Non DVC | I60: FKF4 | J60: FP&A Analyst | K60: F4 - Functional Specialist Officer | L60: ALTERNANT CONTROLEUR DE GESTION JUNIOR | M60: Clerical Worker | N60: 43346 | O60: 31 | P60: M | Q60: 187097115308011 | T60: NA
A61: COSTE | B61: Gisele | C61: 103064 | D61: SENEPART | E61: Aub. | F61: 35 | G61: DVC | H61: 9F16 | I61: IAB2 | J61: Manufacturing M-Skilled Worker | K61: B2 - Multi-skilled Operator | L61: MONTEUR | M61: Operator | N61: 30298 | O61: 57 | P61: F | Q61: 261080711004702 | R61: 190 | S61: Niveau II Echelon 3 Coeff 190 | T61: GDP07
A62: COUTO | B62: Adriano | C62: 104710 | D62: XUEREB | E62: STG | F62: 10 | G62: DVC | H62: 9F11 | I62: IAB2 | J62: Manufacturing M-Skilled Worker | K62: B2 - Multi-skilled Operator | L62: OP EQUIP AUTOMATIS | M62: Operator | N62: 39448 | O62: 56 | P62: M | Q62: 162029903915527 | R62: 190 | S62: Niveau II Echelon 3 Coeff 190 | T62: GDP09
A63: CRUS | B63: Jean-Louis | C63: 102972 | D63: ALIX | E63: Aub. | F63: 17 | G63: DVC | H63: 9F16 | I63: IAB2 | J63: Manufacturing M-Skilled Worker | K63: B2 - Multi-skilled Operator | L63: MONTEUR | M63: Operator | N63: 36998 | O63: 57 | P63: M | Q63: 161080701941586 | R63: 170 | S63: Niveau II Echelon 1 Coeff 170 | T63: GDP07
A64: DA SILVA | B64: Sylvie | C64: 10554392 | D64: XUEREB | E64: STG | F64: 1 | G64: DVC | H64: 9F11 | I64: IAB2 | J64: Manufacturing M-Skilled Worker | K64: B2 - Multi-skilled Operator | L64: MOULEUR REFERENT | M64: Operator | N64: 42767 | O64: 38 | P64: F | Q64: 280027306510240 | R64: 190 | S64: Niveau II Echelon 3 Coeff 190 | T64: GDP09
A65: DALL ALBA | B65: Didier | C65: 103034 | D65: DARDARE | E65: Aub. | F65: 33 | G65: Non DVC | H65: 9F16 | I65: QAT4 | J65: Manuf/LogisticsQualityAssurEng | K65: T4 - Technical Engineer | L65: Assureur Qualite Produit Process | M65: Technician | N65: 31054 | O65: 53 | P65: M | Q65: 165050701940249 | R65: 335 | S65: Niveau V Echelon 2 Coeff 335 | T65: GDP16
A66: DALLANEGRA | B66: Gerald | C66: 102894 | D66: ALIX | E66: Aub. | F66: 10 | G66: DVC | H66: 9F16 | I66: IAB2 | J66: Manufacturing M-Skilled Worker | K66: B2 - Multi-skilled Operator | L66: MONTEUR | M66: Operator | N66: 39412 | O66: 46 | P66: M | Q66: 171128522201413 | R66: 170 | S66: Niveau II Echelon 1 Coeff 170 | T66: GDP07
A67: DAMIAN | B67: Jean-Claude | C67: 103050 | D67: RICCARDI | E67: Aub. | F67: 34 | G67: Non DVC | H67: 9F16 | I67: LES4 | J67: MasterDB Supply Chain Speciali | K67: S4 - Support Officer | L67: GESTIONNAIRE MODIFICATIONS PRODUITS | M67: Clerical Worker | N67: 30834 | O67: 57 | P67: M | Q67: 161097306501556 | R67: 305 | S67: Niveau V Echelon 1 Coeff 305 | T67: GDP15
A68: DARCY | B68: Christian | C68: 102968 | D68: ALIX | E68: Aub. | F68: 17 | G68: DVC | H68: 9F16 | I68: IAB2 | J68: Manufacturing M-Skilled Worker | K68: B2 - Multi-skilled Operator | L68: CONTROLEUR | M68: Operator | N68: 36941 | O68: 55 | P68: M | Q68: 163086276505950 | R68: 190 | S68: Niveau II Echelon 3 Coeff 190 | T68: GDP08
A69: DARDARE | B69: Olivier | C69: 11655 | D69: CHATAIGNER | E69: Aub. | G69: Non DVC | H69: 9F11 | I69: QMG6 | J69: Quality Manager/Unit | K69: G6 - Funct. Generalist Mgr/Unit | L69: RESP QUALITE SERE | M69: Manager & Engineer | N69: 42948 | O69: 57 | P69: M | Q69: 160127505129644 | R69: 3A_135 | S69: Ing Position IIIA - Indice 135 | T69: 8
A70: DAVID | B70: Steve | C70: 332340 | D70: BUISSON | E70: STG | F70: 3 | G70: DVC | H70: 9F11 | I70: IIT2 | J70: Maintenance Operations | K70: T2 - Technical Employee | L70: TECHNICIEN MAINTENANCE | M70: Technician | N70: 42186 | O70: 26 | P70: M | Q70: 192043833702658 | R70: 285 | S70: Niveau IV Echelon 3 Coeff 285 | T70: GDP12
A71: DE BESSE | B71: Thierry | C71: 103012 | D71: SENEPART | E71: Aub. | F71: 25 | G71: DVC | H71: 9F16 | I71: IAB2 | J71: Manufacturing M-Skilled Worker | K71: B2 - Multi-skilled Operator | L71: MONTEUR | M71: Operator | N71: 34090 | O71: 56 | P71: M | Q71: 161120701960458 | R71: 240 | S71: Niveau III Echelon 3 Coeff 240 | T71: GDP09
A72: DESCHAUX | B72: Laurent | C72: 102973 | D72: SENEPART | E72: Aub. | F72: 17 | G72: DVC | H72: 9F16 | I72: IAB2 | J72: Manufacturing M-Skilled Worker | K72: B2 - Multi-skilled Operator | L72: MONTEUR | M72: Operator | N72: 36998 | O72: 51 | P72: M | Q72: 167070701936124 | R72: 170 | S72: Niveau II Echelon 1 Coeff 170 | T72: GDP07
A73: DESORMEAU BEDOT | B73: Laurent | C73: 104650 | D73: XUEREB | E73: STG | F73: 10 | G73: DVC | H73: 9F11 | I73: IAB2 | J73: Manufacturing M-Skilled Worker | K73: B2 - Multi-skilled Operator | L73: OP EQUIP AUTOMATIS | M73: Operator | N73: 39448 | O73: 53 | P73: M | Q73: 165073856345837 | R73: 190 | S73: Niveau II Echelon 3 Coeff 190 | T73: GDP08
A74: DJELLOULI | B74: Brahim | C74: 10555317 | D74: XUEREB | E74: STG | F74: 1 | G74: DVC | H74: 9F11 | I74: IAB2 | J74: Manufacturing M-Skilled Worker | K74: B2 - Multi-skilled Operator | L74: MOULEUR REFERENT H/F | M74: Operator | N74: 42767 | O74: 50 | P74: M | Q74: 168012115402852 | R74: 190 | S74: Niveau II Echelon 3 Coeff 190 | T74: GDP09
A75: DUBREUIL | B75: Nicolas | C75: 68142 | D75: DARDARE | E75: Aub. | G75: Non DVC | H75: 9F16 | I75: QAT4 | J75: Manuf/LogisticsQualityAssurEng | K75: T4 - Technical Engineer | L75: ASSURENCE QUALITE FOURNISSEUR | M75: Technician | N75: 42552 | O75: 33 | P75: M | Q75: 185043818518252 | R75: 285 | S75: Niveau IV Echelon 3 Coeff 285 | T75: GDP14
A76: DUCROS | B76: Remi | C76: 103003 | D76: SAVY | E76: Aub. | F76: 20 | G76: DVC | H76: 9F16 | I76: LWB1 | J76: Warehouse Operations | K76: B1 - Operator | L76: AGENT LOGISTIQUE MULTIFLUX | M76: Operator | N76: 35982 | O76: 55 | P76: M | Q76: 163070701938995 | R76: 215 | S76: Niveau III Echelon 1 Coeff 215 | T76: GDP08
A77: DUNY | B77: Gilles | C77: 103074 | D77: FELDER | E77: Aub. | F77: 35 | G77: Non DVC | H77: 9F16 | I77: FKF4 | J77: FP&A Analyst | K77: F4 - Functional Specialist Officer | L77: ADJOINT DE GESTION | M77: Technician | N77: 30531 | O77: 56 | P77: M | Q77: 162040701921279 | R77: 305 | S77: Niveau V Echelon 1 Coeff 305 | T77: GDP15
A78: DUPLAN | B78: Jerome | C78: 102984 | D78: SENEPART | E78: Aub. | F78: 19 | G78: DVC | H78: 9F16 | I78: IAB2 | J78: Manufacturing M-Skilled Worker | K78: B2 - Multi-skilled Operator | L78: IQPF | M78: Operator | N78: 36465 | O78: 42 | P78: M | Q78: 176010701906376 | R78: 215 | S78: Niveau III Echelon 1 Coeff 215 | T78: GDP09
A79: DURAND | B79: Guy | C79: 102981 | D79: ALIX | E79: Aub. | F79: 20 | G79: DVC | H79: 9F16 | I79: IAB3 | J79: Manufacturing Team LeaderShip | K79: B3 - Operations Team-Leader | L79: ANIMATEUR | M79: Operator | N79: 35982 | O79: 51 | P79: M | Q79: 167070701937807 | R79: 255 | S79: Niveau IV Echelon 1 Coeff 255 | T79: GDP11
A80: DURAND | B80: David | C80: 288443 | D80: XUEREB | E80: STG | F80: 4 | G80: DVC | H80: 9F11 | I80: IAB3 | J80: Manufacturing Team LeaderShip | K80: B3 - Operations Team-Leader | L80: ANIMATEUR | M80: Operator | N80: 41730 | O80: 29 | P80: M | Q80: 189093856302010 | R80: 240 | S80: Niveau III Echelon 3 Coeff 240 | T80: GDP12
A81: DURIEU | B81: Michel | C81: 102983 | D81: DARDARE | E81: Aub. | F81: 18 | G81: Non DVC | H81: 9F16 | I81: QAT4 | J81: Manuf/LogisticsQualityAssurEng | K81: T4 - Technical Engineer | L81: Assureur Qualite Produit Process | M81: Technician | N81: 36557 | O81: 42 | P81: M | Q81: 176060701902597 | R81: 285 | S81: Niveau IV Echelon 3 Coeff 285 | T81: GDP14
A82: ENNAOUI | B82: Mohamed | C82: 191667 | D82: VERNE | E82: Lattes | F82: 27 | G82: DVC | H82: 9F40 | I82: LWB2 | J82: Warehouse Multi-skilled Operat | K82: B2 - Multi-skilled Operator | L82: Agent logistique | M82: Operator | N82: 33240 | O82: 50 | P82: M | Q82: 168066613621546 | R82: 215 | S82: Niveau III Echelon 1 Coeff 215 | T82: GDP09
A83: ESCLANGON | B83: Frederic | C83: 103061 | D83: SAVY | E83: Aub. | F83: 33 | G83: DVC | H83: 9F16 | I83: LWB2 | J83: Warehouse Multi-skilled Operat | K83: B2 - Multi-skilled Operator | L83: AGENT LOGISTIQUE MULTIFLUX | M83: Technician | N83: 31020 | O83: 55 | P83: M | Q83: 163060734102595 | R83: 270 | S83: Niveau IV Echelon 2 Coeff 270 | T83: GDP13
A84: ESTEBAN | B84: Manuel | C84: 102990 | D84: ALIX | E84: Aub. | F84: 18 | G84: DVC | H84: 9F16 | I84: IAB2 | J84: Manufacturing M-Skilled Worker | K84: B2 - Multi-skilled Operator | L84: IQPF | M84: Operator | N84: 36648 | O84: 42 | P84: M | Q84: 176020701901741 | R84: 215 | S84: Niveau III Echelon 1 Coeff 215 | T84: GDP09
A85: ETIENNE | B85: Patrick | C85: 103056 | D85: PIFFAUT | E85: Aub. | F85: 34 | G85: DVC | H85: 9F16 | I85: IIT2 | J85: Maintenance Operations | K85: T2 - Technical Employee | L85: GESTIONNAIRE OUTILLAGE ETALONNAGE | M85: Technician | N85: 30949 | O85: 53 | P85: M | Q85: 165010713200103 | R85: 255 | S85: Niveau IV Echelon 1 Coeff 255 | T85: GDP11
A86: FAYOLLE | B86: Renaud | C86: 102895 | D86: ALIX | E86: Aub. | F86: 10 | G86: DVC | H86: 9F16 | I86: IAB2 | J86: Manufacturing M-Skilled Worker | K86: B2 - Multi-skilled Operator | L86: CONTROLEUR/CONDUCTEUR | M86: Operator | N86: 39412 | O86: 32 | P86: M | Q86: 186090701901256 | R86: 190 | S86: Niveau II Echelon 3 Coeff 190 | T86: GDP08
A87: FELDER | B87: Martin | C87: 69432 | D87: CHATAIGNER | E87: Aub. | F87: 11 | G87: Non DVC | H87: 9F16 | I87: FHF6 | J87: Finance Business Partner/Plant or Site | K87: F6 - Funct. Specialist Senior Mgr | L87: Controleur Financier | M87: Manager & Engineer | N87: 42186 | O87: 53 | P87: M | Q87: 165089910957971 | R87: 3A_135 | S87: Ing Position IIIA - Indice 135 | T87: 8
A88: FERRERO | B88: Christian | C88: 103092 | D88: SAVY | E88: Aub. | F88: 36 | G88: DVC | H88: 9F16 | I88: LWB2 | J88: Warehouse Multi-skilled Operat | K88: B2 - Multi-skilled Operator | L88: AGENT LOGISTIQUE MULTIFLUX | M88: Operator | N88: 30032 | O88: 56 | P88: M | Q88: 162070701937066 | R88: 215 | S88: Niveau III Echelon 1 Coeff 215 | T88: GDP08
A89: FONTAINE | B89: Gael | C89: 102896 | D89: SAVY | E89: Aub. | F89: 10 | G89: DVC | H89: 9F16 | I89: LWB2 | J89: Warehouse Multi-skilled Operat | K89: B2 - Multi-skilled Operator | L89: AGENT LOGISTIQUE MULTIFLUX | M89: Operator | N89: 39412 | O89: 44 | P89: M | Q89: 174083805319543 | R89: 215 | S89: Niveau III Echelon 1 Coeff 215 | T89: GDP09
A90: FONTAINE | B90: Christian | C90: 191504 | D90: VERNE | E90: Lattes | F90: 26 | G90: DVC | H90: 9F40 | I90: IAB2 | J90: Manufacturing M-Skilled Worker | K90: B2 - Multi-skilled Operator | L90: OPERATEUR POLYVALENT | M90: Operator | N90: 33695 | O90: 56 | P90: M | Q90: 162069741001519 | R90: 190 | S90: Niveau II Echelon 3 Coeff 190 | T90: GDP08
A91: FONTIBUS | B91: Romuald | C91: 102897 | D91: ALIX | E91: Aub. | F91: 10 | G91: DVC | H91: 9F16 | I91: IAB2 | J91: Manufacturing M-Skilled Worker | K91: B2 - Multi-skilled Operator | L91: CONTROLEUR/CONDUCTEUR | M91: Operator | N91: 39412 | O91: 41 | P91: M | Q91: 177097401207301 | R91: 190 | S91: Niveau II Echelon 3 Coeff 190 | T91: GDP09
A92: FOUASSIER | B92: Cecile | C92: 12837 | D92: CHATAIGNER | E92: STG | F92: 17 | G92: Non DVC | H92: 9F11 | I92: IAB6 | J92: Manufacturing Operations Mgt | K92: B6 - Operations Manager/Unit | L92: RESPONSABLE DE SITE | M92: Manager & Engineer | N92: 42278 | O92: 43 | P92: F | Q92: 275010103403311 | R92: 3A_135 | S92: Ing Position IIIA - Indice 135 | T92: 8
A93: FOUREL | B93: Catherine | C93: 103083 | D93: SENEPART | E93: Aub. | F93: 35 | G93: DVC | H93: 9F16 | I93: IAB2 | J93: Manufacturing M-Skilled Worker | K93: B2 - Multi-skilled Operator | L93: MONTEUR | M93: Operator | N93: 30278 | O93: 57 | P93: F | Q93: 261040701918112 | R93: 170 | S93: Niveau II Echelon 1 Coeff 170 | T93: GDP07
A94: FOURQUET | B94: Fabienne | C94: 103017 | D94: SAVY | E94: Aub. | F94: 25 | G94: DVC | H94: 9F16 | I94: LWB3 | J94: Warehouse Team Leadership | K94: B3 - Operations Team-Leader | L94: ANIMATEUR | M94: Operator | N94: 34213 | O94: 54 | P94: F | Q94: 264072636201840 | R94: 240 | S94: Niveau III Echelon 3 Coeff 240 | T94: GDP11
A95: FROLOVA RIVASI | B95: Maria | C95: 10631106 | D95: CHATAIGNER | E95: Aub. | F95: 0 | G95: Non DVC | I95: HMG6 | J95: HR Business Partner/Unit | K95: G6 - Funct. Generalist Mgr/Unit | L95: HRBP SEA | M95: Manager & Engineer | N95: 43346 | O95: 33 | P95: F | Q95: 285029912321256 | R95: P2_108 | S95: Ing Position II - Indice 108 | T95: 8
A96: FUENTES | B96: Teofilo | C96: 103019 | D96: DARDARE | E96: Aub. | F96: 24 | G96: Non DVC | H96: 9F16 | I96: QET5 | J96: Supply Quality Senior Engineer | K96: T5 - Technical Senior Engineer | L96: Responsable IQR / AQF | M96: Technician | N96: 34486 | O96: 53 | P96: M | Q96: 165070701948003 | R96: 335 | S96: Niveau V Echelon 2 Coeff 335 | T96: GDP15
A97: GAILLARD | B97: Alain | C97: 103057 | D97: RICCARDI | E97: Aub. | F97: 34 | G97: Non DVC | H97: 9F16 | I97: KIB4 | J97: Inventory and Planning specialist | K97: B4 - Operations Assistant Manager | L97: GESTIONNAIRE DE FLUX | M97: Clerical Worker | N97: 30949 | O97: 56 | P97: M | Q97: 162040734101327 | R97: 285 | S97: Niveau IV Echelon 3 Coeff 285 | T97: GDP14
A98: GARCIA | B98: Mickael | C98: 102898 | D98: SENEPART | E98: Aub. | F98: 10 | G98: DVC | H98: 9F16 | I98: IAB2 | J98: Manufacturing M-Skilled Worker | K98: B2 - Multi-skilled Operator | L98: MONTEUR | M98: Operator | N98: 39412 | O98: 45 | P98: M | Q98: 172110701901691 | R98: 190 | S98: Niveau II Echelon 3 Coeff 190 | T98: GDP08
A99: GASCARD | B99: Olivier | C99: 190953 | D99: VERNE | E99: Lattes | F99: 14 | G99: Non DVC | H99: 9F40 | I99: IST4 | J99: Indus & Manufact Engineering | K99: T4 - Technical Engineer | L99: METHODISTE/ANT TECHNIQUE | M99: Technician | N99: 38018 | O99: 46 | P99: M | Q99: 172049137701171 | R99: 335 | S99: Niveau V Echelon 2 Coeff 335 | T99: GDP15
A100: GAUTHIER | B100: Laurent | C100: 103081 | D100: SENEPART | E100: Aub. | F100: 35 | G100: DVC | H100: 9F16 | I100: IAB3 | J100: Manufacturing Team LeaderShip | K100: B3 - Operations Team-Leader | L100: ANIMATEUR | M100: Operator | N100: 30263 | O100: 56 | P100: M | Q100: 162050734607921 | R100: 255 | S100: Niveau IV Echelon 1 Coeff 255 | T100: GDP11
A101: GAYAT | B101: Frederic | C101: 104638 | D101: XUEREB | E101: STG | F101: 10 | G101: DVC | H101: 9F11 | I101: IAB2 | J101: Manufacturing M-Skilled Worker | K101: B2 - Multi-skilled Operator | L101: OP EQUIP AUTOMATIS | M101: Operator | N101: 39448 | O101: 41 | P101: M | Q101: 177033856303995 | R101: 190 | S101: Niveau II Echelon 3 Coeff 190 | T101: GDP09
A102: GENNARO | B102: Serge | C102: 76818 | D102: FOUASSIER | E102: STG | G102: DVC | H102: 9F11 | I102: ITT2 | J102: Tooling Operations | K102: T2 - Technical Employee | L102: TECHNICIEN MOULES | M102: Technician | N102: 42401 | O102: 57 | P102: M | Q102: 160123851725208 | R102: 285 | S102: Niveau IV Echelon 3 Coeff 285 | T102: GDP14
A103: GHERSA | B103: Ouali | C103: 103004 | D103: DARDARE | E103: Aub. | F103: 20 | G103: Non DVC | H103: 9F16 | I103: QAT4 | J103: Manuf/LogisticsQualityAssurEng | K103: T4 - Technical Engineer | L103: Assureur Qualite Produit Process | M103: Technician | N103: 35982 | O103: 50 | P103: M | Q103: 167120701972333 | R103: 285 | S103: Niveau IV Echelon 3 Coeff 285 | T103: GDP14
A104: GINESTE | B104: Thierry | C104: 103046 | D104: PIFFAUT | E104: Aub. | F104: 28 | G104: DVC | H104: 9F16 | I104: IIT2 | J104: Maintenance Operations | K104: T2 - Technical Employee | L104: TECHNICIEN MAINTENANCE | M104: Operator | N104: 33055 | O104: 49 | P104: M | Q104: 169020711000492 | R104: 270 | S104: Niveau IV Echelon 2 Coeff 270 | T104: GDP11
A105: GONZALEZ | B105: Frederic | C105: 102928 | D105: ALIX | E105: Aub. | F105: 12 | G105: DVC | H105: 9F16 | I105: IAB2 | J105: Manufacturing M-Skilled Worker | K105: B2 - Multi-skilled Operator | L105: IQPF | M105: Operator | N105: 38991 | O105: 33 | P105: M | Q105: 185050701903815 | R105: 190 | S105: Niveau II Echelon 3 Coeff 190 | T105: GDP09
A106: GOURBAT | B106: Thierry | C106: 104656 | D106: BUISSON | E106: STG | F106: 10 | G106: DVC | H106: 9F11 | I106: IIT2 | J106: Maintenance Operations | K106: T2 - Technical Employee | L106: AG.MAINT.MULTIPLES | M106: Operator | N106: 39448 | O106: 54 | P106: M | Q106: 164098708520502 | R106: 240 | S106: Niveau III Echelon 3 Coeff 240 | T106: GDP12
...

Sheet Date Formation
A2: NOM | B2: PRENOM | C2: Site | D2: Resp hiérarchique | E2: Intitulé formation | F2: Date à prévoir | G2: Calendrier de réalisation
A3: AIT HELLAL | B3: Yazid | C3: Aubenas | D3: ALIX | E3: Incendie | F3: 43625 | G3: 2019-Q2
A4: ALVES | B4: Paolo | C4: St Geoirs | D4: XUEREB | E4: Incendie | F4: 43506 | G4: 2019-Q1
A5: ALVES | B5: Paolo | C5: St Geoirs | D5: XUEREB | E5: Pont roulant | F5: 43739 | G5: 2019-Q4
A6: ALVES | B6: Paolo | C6: St Geoirs | D6: XUEREB | E6: Risques chimiques | F6: A FORMER
A7: ARNAUD | B7: Emmanuel | C7: Aubenas | D7: SAVY | E7: Incendie | F7: 43625 | G7: 2019-Q2
A8: ARNAUD | B8: Jean-Luc | C8: Aubenas | D8: PIFFAUT | E8: Incendie | F8: 42084 | G8: 2019-Q1
A9: ARNAUD JOUFFREY | B9: Jean-Marc | C9: St Geoirs | D9: XUEREB | E9: Incendie | F9: 43506 | G9: 2019-Q1
A10: ARNAUD JOUFFREY | B10: Jean-Marc | C10: St Geoirs | D10: XUEREB | E10: Risques chimiques | F10: 43608 | G10: 2019-Q2
A11: AUBERT | B11: Hervé | C11: Aubenas | D11: SAVY | E11: Gestes et postures | F11: 43541 | G11: 2019-Q1
A12: AVOUAC | B12: Emmanuel | C12: Aubenas | D12: RICCARDI | E12: Incendie | F12: 42084 | G12: 2019-Q1
A13: AYGLON | B13: Dominique | C13: Aubenas | D13: ALIX | E13: Gestes et postures | F13: 42102 | G13: 2019-Q2
A14: BARAZZUTTI | B14: Lionel | C14: St Geoirs | D14: XUEREB | E14: Incendie | F14: 43506 | G14: 2019-Q1
A15: BARAZZUTTI | B15: Lionel | C15: St Geoirs | D15: XUEREB | E15: Risques chimiques | F15: 43608 | G15: 2019-Q2
A16: BARBERA | B16: Jérémy | C16: Aubenas | D16: SENEPART | E16: Incendie | F16: 43625 | G16: 2019-Q2
A17: BEAUMEL | B17: Claudine | C17: Aubenas | D17: FUENTES | E17: Gestes et postures | F17: 43541 | G17: 2019-Q1
A18: BEN AMAR | B18: Mohamed | C18: Lattes | D18: VERNE | E18: Risques chimiques | F18: 43553 | G18: 2019-Q1
A19: BENASSI | B19: Christian | C19: St Geoirs | D19: XUEREB | E19: Incendie
A20: BENCHEIKH | B20: Mohamed | C20: Aubenas | D20: SENEPART | E20: Gestes et postures | F20: 43534 | G20: 2019-Q1
A21: BENCHEIKH | B21: Mohamed | C21: Aubenas | D21: SENEPART | E21: Incendie | F21: 43625 | G21: 2019-Q2
A22: BENCHEIKH | B22: Mohamed | C22: Aubenas | D22: SENEPART | E22: Risques chimiques | F22: 43742 | G22: 2019-Q4
A23: BEN-MALEK | B23: Khaled | C23: St Geoirs | D23: XUEREB | E23: Incendie | F23: 43506 | G23: 2019-Q1
A24: BEYLE | B24: Mathias | C24: St Geoirs | D24: XUEREB | E24: Incendie | F24: 43506 | G24: 2019-Q1
A25: BLACHON | B25: Henri | C25: Aubenas | D25: SAVY | E25: Gestes et postures | F25: 43534 | G25: 2019-Q1
A26: BLACHON | B26: Henri | C26: Aubenas | D26: SAVY | E26: Incendie | F26: 43625 | G26: 2019-Q2
A27: BLAYE | B27: Michel | C27: Aubenas | D27: SAVY | E27: Gestes et postures | F27: 43543 | G27: 2019-Q1
A28: BLAYE | B28: Michel | C28: Aubenas | D28: SAVY | E28: Incendie | F28: 43625 | G28: 2019-Q2
A29: BOISSON | B29: Bertrand | C29: St Geoirs | D29: XUEREB | E29: Incendie
A30: BONAFOUS | B30: Amandine | C30: Lattes | D30: VERNE | E30: Gestes et postures | F30: A prévoir | G30: 2019-Q3
A31: BONNEL | B31: Anne | C31: Lattes | D31: VERNE | E31: Gestes et postures | F31: A prévoir | G31: 2019-Q3
A32: BONNEL | B32: Anne | C32: Lattes | D32: VERNE | E32: Risques chimiques | F32: 43251 | G32: 2019-Q2
A33: BOUCHIER | B33: Dimitri | C33: Aubenas | D33: ALIX | E33: Incendie | F33: 43625 | G33: 2019-Q2
A34: BOUDIER | B34: Eddy | C34: Aubenas | D34: RIFFAUT | E34: Risques chimiques | F34: 43742 | G34: 2019-Q4
A35: BOULOGNE | B35: Laurent | C35: Aubenas | D35: SENEPART | E35: Incendie | F35: 43625 | G35: 2019-Q2
A36: BOUQUET | B36: David | C36: St Geoirs | D36: XUEREB | E36: Incendie | F36: 43506 | G36: 2019-Q1
A37: BRANJONNEAU | B37: Didier | C37: Aubenas | D37: SENEPART | E37: Gestes et postures | F37: 43534 | G37: 2019-Q1
A38: BRISARD | B38: Simon | C38: St Geoirs | D38: XUEREB | E38: Gestes et postures | F38: A prévoir | G38: 2019-Q2
A39: BRISARD | B39: Simon | C39: St Geoirs | D39: XUEREB | E39: Incendie
A40: BRUN | B40: Christian | C40: St Geoirs | D40: XUEREB | E40: Incendie | F40: 43506 | G40: 2019-Q1
A41: BRUN | B41: Christian | C41: St Geoirs | D41: XUEREB | E41: Risques chimiques | F41: 43608 | G41: 2019-Q2
A42: BUISSON | B42: Florian | C42: St Geoirs | D42: FOUASSIER | E42: Incendie | F42: 43506 | G42: 2019-Q1
A43: BUNEL | B43: Stéphane | C43: St Geoirs | D43: XUEREB | E43: Incendie | F43: 43506 | G43: 2019-Q1
A44: CABANE | B44: Sylvie | C44: Lattes | D44: VERNE | E44: Gestes et postures | F44: 43816 | G44: 2019-Q4
A45: CAIANI | B45: Alexandre | C45: St Geoirs | D45: FOUASSIER | E45: Incendie
A46: CEYSSON | B46: Frédéric | C46: Aubenas | D46: SAVY | E46: Incendie | F46: 43625 | G46: 2019-Q2
A47: CHABERT | B47: Stéphane | C47: Aubenas | D47: SENEPART | E47: Incendie | F47: 43625 | G47: 2019-Q2
A48: CHAMBON | B48: Patrick | C48: Aubenas | D48: ALIX | E48: Gestes et postures | F48: 43352 | G48: 2019-Q3
A49: CHAMBON | B49: Patrick | C49: Aubenas | D49: ALIX | E49: Risques chimiques | F49: 43154 | G49: 2019-Q1
A50: CHANIOL | B50: Serge | C50: Aubenas | D50: SENEPART | E50: Incendie | F50: 43625 | G50: 2019-Q2
A51: CHAREYRE | B51: Olivier | C51: Aubenas | D51: FUENTES | E51: Gestes et postures | F51: 43543 | G51: 2019-Q1
A52: CHAREYRE | B52: Olivier | C52: Aubenas | D52: FUENTES | E52: Incendie | F52: 43625 | G52: 2019-Q2
A53: CHENAVAS | B53: Franck | C53: St Geoirs | D53: XUEREB | E53: Incendie | F53: 43506 | G53: 2019-Q1
A54: CHENAVAS | B54: Franck | C54: St Geoirs | D54: XUEREB | E54: Pont roulant | F54: 43739 | G54: 2019-Q4
A55: CHENAVIER | B55: Patrick | C55: St Geoirs | D55: BUISSON | E55: Incendie | F55: 43506 | G55: 2019-Q1
A56: CHOMBART | B56: François | C56: Aubenas | D56: HAON | E56: Incendie | F56: 43625 | G56: 2019-Q2
A57: CHOMBART | B57: François | C57: Aubenas | D57: HAON | E57: Risques chimiques | F57: 43773 | G57: 2019-Q4
A58: CLAVEL | B58: Jérôme | C58: Lattes | D58: VERNE | E58: Gestes et postures | F58: 43733 | G58: 2019-Q3
A59: COMBE | B59: Dominique | C59: St Geoirs | D59: XUEREB | E59: Gestes et postures | F59: 43071
A60: COMBE | B60: Dominique | C60: St Geoirs | D60: XUEREB | E60: Incendie | F60: 43506 | G60: 2019-Q1
A61: COMBE | B61: Dominique | C61: St Geoirs | D61: XUEREB | E61: Risques chimiques | F61: 43608 | G61: 2019-Q2
A62: COPPOLA | B62: Sébastien | C62: St Geoirs | D62: BUISSON | E62: Gestes et postures | F62: A prévoir | G62: 2019-Q1
A63: COPPOLA | B63: Sébastien | C63: St Geoirs | D63: BUISSON | E63: Incendie | F63: 43506 | G63: 2019-Q1
A64: COSTE | B64: Gisèle | C64: Aubenas | D64: SENEPART | E64: Gestes et postures | F64: 43541 | G64: 2019-Q1
A65: COSTE | B65: Gisèle | C65: Aubenas | D65: SENEPART | E65: Incendie | F65: 42701
A66: COUTO | B66: Adriano | C66: St Geoirs | D66: XUEREB | E66: Gestes et postures | F66: 42826
A67: COUTO | B67: Adriano | C67: St Geoirs | D67: XUEREB | E67: Pont roulant | F67: 43739 | G67: 2019-Q4
A68: CRUS | B68: Jean-Louis | C68: Aubenas | D68: ALIX | E68: Gestes et postures | F68: 43407 | G68: 2019-Q4
A69: DALLANEGRA | B69: Gérald | C69: Aubenas | D69: ALIX | E69: Gestes et postures | F69: 43534 | G69: 2019-Q1
A70: DALLANEGRA | B70: Gérald | C70: Aubenas | D70: ALIX | E70: Incendie | F70: 43625 | G70: 2019-Q2
A71: DARDARE | B71: Olivier | C71: Aubenas | D71: CHATAIGNIER | E71: Incendie
A72: DJELLOULI | B72: Brahim | C72: St Geoirs | D72: XUEREB | E72: Incendie
A73: DUBREUIL | B73: Nicolas | C73: Aubenas | D73: DARDARE | E73: Incendie
A74: DUCROS | B74: Rémi | C74: Aubenas | D74: SAVY | E74: Gestes et postures | F74: 43541 | G74: 2019-Q1
A75: DUCROS | B75: Rémi | C75: Aubenas | D75: SAVY | E75: Incendie | F75: 43625 | G75: 2019-Q2
A76: DUCROS | B76: Rémi | C76: Aubenas | D76: SAVY | E76: Risques chimiques | F76: 43742 | G76: 2019-Q4
A77: DUNY | B77: Gilles | C77: Aubenas | D77: FELDER | E77: Gestes et postures | F77: A prévoir | G77: 2019-Q1
A78: DUPLAN | B78: Jérôme | C78: Aubenas | D78: SENEPART | E78: Incendie | F78: 43625 | G78: 2019-Q2
A79: DURAND | B79: David | C79: St Geoirs | D79: XUEREB | E79: Incendie | F79: 43506 | G79: 2019-Q1
A80: DURIEU | B80: Michel | C80: Aubenas | D80: DARDARE | E80: Incendie | F80: 43624 | G80: 2019-Q2
A81: ENNAOUI | B81: Mohamed | C81: Lattes | D81: VERNE | E81: Gestes et postures | F81: 43718 | G81: 2019-Q3
A82: ENNAOUI | B82: Mohamed | C82: Lattes | D82: VERNE | E82: Risques chimiques | F82: 43553 | G82: 2019-Q1
A83: ESCLANGON | B83: Frédéric | C83: Aubenas | D83: FUENTES | E83: Gestes et postures | F83: A prévoir | G83: 2019-Q1
A84: ESCLANGON | B84: Frédéric | C84: Aubenas | D84: FUENTES | E84: Incendie | F84: 43625 | G84: 2019-Q2
A85: ESCLANGON | B85: Frédéric | C85: Aubenas | D85: FUENTES | E85: Risques chimiques | F85: 43773 | G85: 2019-Q4
A86: ESTEBAN | B86: Manuel | C86: Aubenas | D86: ALIX | E86: Incendie | F86: 43625 | G86: 2019-Q2
A87: ETIENNE | B87: Patrick | C87: Aubenas | D87: PIFFAUT | E87: Incendie | F87: 42084
A88: FELDER | B88: Martin | C88: Aubenas | D88: CHATAIGNIER | E88: Gestes et postures | F88: A prévoir | G88: 2019-Q1
A89: FERRERO | B89: Christian | C89: Aubenas | D89: SAVY | E89: Gestes et postures | F89: 43543 | G89: 2019-Q1
A90: FERRERO | B90: Christian | C90: Aubenas | D90: SAVY | E90: Risques chimiques | F90: 43742 | G90: 2019-Q4
A91: FONTAINE | B91: Christian | C91: Lattes | D91: VERNE | E91: Gestes et postures | F91: 43718 | G91: 2019-Q3
A92: FONTAINE | B92: Christian | C92: Lattes | D92: VERNE | E92: Risques chimiques | F92: 43553 | G92: 2019-Q1
A93: FONTIBUS | B93: Romuald | C93: Aubenas | D93: ALIX | E93: Incendie | F93: 43625 | G93: 2019-Q2
A94: FOUASSIER | B94: Cécile | C94: St Geoirs | D94: CHATAIGNIER | E94: Incendie
A95: FOUREL | B95: Catherine | C95: Aubenas | D95: SENEPART | E95: Incendie | F95: 43625 | G95: 2019-Q2
A96: FROLOVA-RIVASI | B96: Maria | C96: Aubenas | D96: CHATAIGNIER | E96: Incendie
A97: FUENTES | B97: Théophile | C97: Aubenas | D97: DARDARE | E97: Incendie | F97: 43625 | G97: 2019-Q2
A98: GAILLARD | B98: Alain | C98: Aubenas | D98: RICCARDI | E98: Incendie | F98: 43625 | G98: 2019-Q2
A99: GARCIA | B99: Mickaël | C99: Aubenas | D99: SENEPART | E99: Incendie | F99: 43625 | G99: 2019-Q2
A100: GAUTHIER | B100: Laurent | C100: Aubenas | D100: SENEPART | E100: Incendie | F100: 43625 | G100: 2019-Q2
A101: GAYAT | B101: Frédéric | C101: St Geoirs | D101: XUEREB | E101: Gestes et postures | F101: 43071
...
